Workbook
Name Model_Start: '22 - Seguros'!$E$8

Sheet DESCONTO
B1: PREFEITURA MUNICIPAL DE JARAGUÁ DO SUL
B2: PROPOSTA
B4: 0 | C4: Desconto que incide linearmente tanto nos valores de refência da Contraprestação Mensal, quanto sobre o valor da TMRbase
B7: =B8+B9 -> 546000000 | C7: Preço ofertado
B8: =SUM('18 - Tarifa - RSU'!D54:AL54)*1000 -> 0 | C8: Receita proposta oriunda da TMR
B9: =SUM('20 - Contraprestação Prefeitura'!F14:AN14)*1000 -> 546000000 | C9: Receita proposta oriunda da CP

Sheet 01 - Dados de Entrada
A1: PREFEITURA MUNICIPAL DE JARAGUÁ DO SUL
A2: ESTUDO DE VIABILIDADE ECONÔMICA PARA A CONCESSÃO DOS SERVIÇOS DE LIMPEZA PÚBLICA E MANEJO DE RESÍDUOS SÓLIDOS
A3: DADOS DE ENTRADA
A5: 1 | B5: Dados Gerais | C5: Valor | D5: Unidade | E5: Fonte
A6: 1.1 | B6: População total | D6: habitantes
A7: 1.2 | B7: Produção de Resíduos | D7: toneladas/ano
A8: 1.3 | B8: Quantidade Coletada de Resíduos Domiciliar Urbana | D8: toneladas/ano
A9: 1.4 | B9: Quantidade Coletada de Resíduos Domiciliar Rural | D9: toneladas/ano
A10: 1.5 | B10: Quantidade Coletada de Resíduos Coleta Seletiva (Recicláveis + Rejeitos) | D10: toneladas/ano
A11: 1.6 | B11: Rejeito da coleta seletiva | D11: toneladas/ano
A12: 1.7 | B12: Quantidade Coletada de Recicláveis | D12: toneladas/ano
A13: 1.8 | B13: Percentual de Coleta Seletiva | D13: %
A14: 1.9 | B14: Percentual de Recicláveis da Coleta Seletiva | D14: %
A15: 1.10 | B15: Percentual de Valorização da Coleta Seletiva | D15: %
A16: 1.11 | B16: Percentual Máximo Reciclável | D16: %
A17: 1.12 | B17: Incremento da valorização da Coleta Seletiva | D17: %
... A23: 1.18 | B23: ISS | D23: %
A25: 2 | B25: Composição dos resíduos | C25: Valor | D25: Unidade | E25: Fonte
A26: 2.1 | B26: Matéria orgânica | D26: %
A27: 2.2 | B27: Papel e papelão | D27: %
A28: 2.3 | B28: Plásticos | D28: %
A29: 2.4 | B29: Vidro | D29: %
A30: 2.5 | B30: Metais | D30: %
A31: 2.6 | B31: Rejeiros | D31: %
A32: 2.7 | B32: Outros Recicláveis | D32: %
A33: 2.8 | B33: Total | D33: %
A35: 3 | B35: Dados salariais | C35: Valor | D35: Unidade | E35: Fonte
A36: 3.1 | B36: Salário mínimo nacional | D36: R$
A37: 3.2 | B37: Insalubridade nível 1 | D37: %
A38: 3.3 | B38: Insalubridade nível 2 | D38: %
A39: 3.4 | B39: Encargos - coletores | D39: %
A40: 3.5 | B40: Encargos - demais funcionários | D40: %
A41: 3.6 | B41: Adicional noturno | D41: %
A43: 4 | B43: Preço de Veículos e Equipamentos | C43: Valor | D43: Unidade | E43: Fonte
A44: 4.1 | B44: Caminhão Tipo 1 (coleta convencional/caminhão poliguindaste) | D44: R$
A45: 4.2 | B45: Caminhão Tipo 2 - (coleta mecanizada) | D45: R$
A46: 4.3 | B46: Caminhão Tipo 3 - (coleta seletiva) | D46: R$
A47: 4.4 | B47: Caminhão Tipo 3 - (coletor de pequeno porte ) | D47: R$
A48: 4.5 | B48: Caminhão tipo 5 - Lavação de contentores da coleta mecanizada | D48: R$
A49: 4.6 | B49: Caçamba coletora compactadora carregamento manual | D49: R$
A50: 4.7 | B50: Caçamba coletora compactadora carregamento mecanizado | D50: R$
A51: 4.8 | B51: Dispositivo coleta mecanizada | D51: R$
A52: 4.9 | B52: Caçamba lavadora de contentores da coleta mecanizada | D52: R$
A53: 4.10 | B53: Caçamba coletora compactadora de pequeno porte (6m³) | D53: R$
A54: 4.11 | B54: Caçamba coletora (coleta seletiva) | D54: R$
A55: 4.12 | B55: Veículo da frota auxiliar - utilitário leve | D55: R$
... A83: 4.40 | B83: Composteira doméstica | D83: R$
A85: 5 | B85: Preço de Uniformes e Equipamentos de Proteção Individual | C85: Valor | D85: Unidade | E85: Fonte
A86: 5.1 | B86: Camisa administrativo | D86: R$
A87: 5.2 | B87: Calça administrativo | D87: R$
A88: 5.3 | B88: Jaqueta administrativo | D88: R$
A89: 5.4 | B89: Camisa operacional | D89: R$
A90: 5.5 | B90: Calça operacional | D90: R$
A91: 5.6 | B91: Jaqueta operacional | D91: R$
A92: 5.7 | B92: Boné | D92: R$
A93: 5.8 | B93: Conjunto impermeável | D93: R$
A94: 5.9 | B94: Calçado de segurança | D94: R$
A95: 5.10 | B95: Luva de segurança | D95: R$
A96: 5.11 | B96: Óculos de segurança | D96: R$
A97: 5.12 | B97: Protetor solar | D97: R$
... A100: 5.15 | B100: Mascara PFF2 | D100: R$
A102: 6 | B102: Imposto, seguro e licencimento | C102: Valor | D102: Unidade | E102: Fonte
A103: 6.1 | B103: IPVA - Veículos de passeio e utilitários (sobre o valor do veículo) | D103: %
A104: 6.2 | B104: IPVA - Veículo de transporte de carga (sobre o valor do veículo) | D104: %
A105: 6.3 | B105: IPVA - Veículo de transporte de passageiros (sobre o valor do veículo) | D105: %
A106: 6.4 | B106: IPVA - Motocicletas (sobre o valor do veículo) | D106: %
A107: 6.5 | B107: Fator de correção para cálculo do IPVA | D107: %
A108: 6.6 | B108: Licenciamento caminhões coleta | D108: R$
A109: 6.7 | B109: Licenciamento caminhões coleta seletiva | D109: R$
A110: 6.8 | B110: Licenciamento do utilitário | D110: R$
A111: 6.9 | B111: Licenciamento da Onibus/ Van | D111: R$
A112: 6.10 | B112: Licenciamento veículos | D112: R$
A113: 6.11 | B113: Licenciamento moto | D113: R$
A115: 7 | B115: Preço de Insumos | C115: Valor | D115: Unidade | E115: Fonte
A116: 7.1 | B116: Óleo diesel | D116: R$/litro
A117: 7.2 | B117: Gasolina | D117: R$/litro
A118: 7.3 | B118: Graxa | D118: R$/litro
A119: 7.4 | B119: Óleo motor/hidráulico | D119: R$/litro
A120: 7.5 | B120: Óleo para motocicleta | D120: R$/litro
A121: 7.6 | B121: Óleo para carter de veículo de apoio | D121: R$/litro
A122: 7.7 | B122: Caminhão Tipo 1 - Principais insumos de rodagem | D122: R$
A123: 7.7.1 | B123: Pneu | D123: R$
A124: 7.7.2 | B124: Câmara (x2) | D124: R$
A125: 7.7.3 | B125: Protetor (x2) | D125: R$
A126: 7.7.4 | B126: Recapagem (x2) | D126: R$
A127: 7.7.5 | B127: Consertos (x3) | D127: R$
... A171: 7.15 | B171: Jogo de Pneu e câmara - motocicleta | D171: R$
A173: 8 | B173: Dados Operacionais | C173: Valor | D173: Unidade | E173: Fonte
A174: 8.1 | B174: Fator de Utilização
A175: 8.1.1 | B175: Número de contentores na primeira fase da mecanização da coleta convencional ano 1 | D175: unidades
A176: 8.1.2 | B176: Número de contentores na segunda fase da mecanização da coleta convencional ano 3 | D176: unidades
A177: 8.1.3 | B177: Número de contentores na terceira fase da mecanização da coleta convencional ano 5 | D177: unidades
A178: 8.1.4 | B178: Número de contentores na terceira fase da mecanização da coleta seletiva ano 1 | D178: unidades
A179: 8.1.5 | B179: Número de contentores na terceira fase da mecanização da coleta seletiva ano 3 | D179: unidades
A180: 8.1.6 | B180: Número de contentores na terceira fase da mecanização da coleta seletiva ano 5 | D180: unidades
A181: 8.1.7 | B181: Percentual de veículos reserva (caminhões/equipamentos) | D181: %
A182: 8.1.8 | B182: Fator de utilização de caminhão compactador com carregamento manual | D182: Ton/mês/veículo
A183: 8.1.9 | B183: Fator de utilização de caminhão compactador com carregamento mecanizado | D183: Contentores/veículo/dia (3 turnos)
A184: 8.1.10 | B184: Fator de utilização de caminhão coleta seletiva | D184: Ton/mês/veículo
A185: 8.1.11 | B185: Caminhão compactador de pequeno porte para áreas de difícil acesso | D185: Caminhão peq. porte
...

Sheet 02 - Evolução Populacional
A1: PREFEITURA MUNICIPAL DE JARAGUÁ DO SUL
A2: ESTUDO DE VIABILIDADE ECONÔMICA PARA A CONCESSÃO DOS SERVIÇOS DE LIMPEZA PÚBLICA E MANEJO DE RESÍDUOS SÓLIDOS
A3: QUADRO DE EVOLUÇAO POPULACIONAL
A5: ANO | C5: EVOLUÇÃO POPULACIONAL
C6: POPULAÇÃO URBANA | D6: POPULAÇÃO RURAL | E6: POPULAÇÃO TOTAL
A7: 0 | B7: 2024
A8: 1 | B8: 2025
A9: 2 | B9: 2026
A10: 3 | B10: 2027
A11: 4 | B11: 2028
A12: 5 | B12: 2029
A13: 6 | B13: 2030
A14: 7 | B14: 2031
A15: 8 | B15: 2032
A16: 9 | B16: 2033
A17: 10 | B17: 2034
A18: 11 | B18: 2035
... A42: 35 | B42: 2059
A45: População
A46: Ano 0 | B46: Ano 1 | C46: Ano 2 | D46: Ano 3 | E46: Ano 4 | F46: Ano 5 | G46: Ano 6 | H46: Ano 7 | I46: Ano 8 | J46: Ano 9 | K46: Ano 10 | L46: Ano 11 | M46: Ano 12 | N46: Ano 13 | O46: Ano 14 | P46: Ano 15 | Q46: Ano 16 | R46: Ano 17 | S46: Ano 18 | T46: Ano 19 | U46: Ano 20 | V46: Ano 21 | W46: Ano 22 | X46: Ano 23 | Y46: Ano 24 | Z46: Ano 25 | AA46: Ano 26 | AB46: Ano 27 | AC46: Ano 28 | AD46: Ano 29 | AE46: Ano 30 | AF46: Ano 31 | AG46: Ano 32 | AH46: Ano 33 | AI46: Ano 34 | AJ46: Ano 35
A47: =E7 -> 0 | B47: =E8 -> 0 | C47: =E9 -> 0 | D47: =E10 -> 0 | E47: =E11 -> 0 | F47: =E12 -> 0 | G47: =E13 -> 0 | H47: =E14 -> 0 | I47: =E15 -> 0 | J47: =E16 -> 0 | K47: =E17 -> 0 | L47: =E18 -> 0 | M47: =E19 -> 0 | N47: =E20 -> 0 | O47: =E21 -> 0 | P47: =E22 -> 0 | Q47: =E23 -> 0 | R47: =E24 -> 0 | S47: =E25 -> 0 | T47: =E26 -> 0 | U47: =E27 -> 0 | V47: =E28 -> 0 | W47: =E29 -> 0 | X47: =E30 -> 0 | Y47: =E31 -> 0 | Z47: =E32 -> 0 | AA47: =E33 -> 0 | AB47: =E34 -> 0 | AC47: =E35 -> 0 | AD47: =E36 -> 0 | AE47: =E37 -> 0 | AF47: =E38 -> 0 | AG47: =E39 -> 0 | AH47: =E40 -> 0 | AI47: =E41 -> 0 | AJ47: =E42 -> 0

Sheet 03 - Geração de Resíduos
A1: PREFEITURA MUNICIPAL DE JARAGUÁ DO SUL
A2: ESTUDO DE VIABILIDADE ECONÔMICA PARA A CONCESSÃO DOS SERVIÇOS DE LIMPEZA PÚBLICA E MANEJO DE RESÍDUOS SÓLIDOS
A3: QUADRO DE PROJEÇÃO DA GERAÇÃO DE RESÍDUOS
A5: Ano | C5: Geração de Resíduos (Toneladas) | G5: Tratamento na Fonte Geradora | I5: Coleta Seletiva e Valorização para Reciclagem | P5: Coleta, Tratamento e Valorização | W5: Disposição Final de Resíduos e Rejeitos
C6: Produção Anual Total | D6: Matéria Orgânica Total | E6: Materiais recicláveis | F6: Rejeitos | G6: Percentual de tratamento | H6: Matéria Orgânica Compostável na fonte (ton.) | I6: Percentual de Coleta Seletiva | J6: Matarial Reciclável - Coleta Seletiva (ton.) | K6: Meta de Valorização para Reciclagem (ton.) | L6: Materias Recicláveis Valorizados (ton.) | M6: Percentual de Material Reciclável da Coleta Seletiva | N6: Meta de recuperação de materiais recicláveis no Sul do Brasil (PLANARES | O6: Rejeitos da Valorização para Reciclagem (ton.) | P6: Resíduos Coletados pela Coleta Convencional + Rejeitos da Valorização (ton.) | Q6: Resíduos de Lodo de ETA e ETE (*gradeamento e desarenador) | R6: Resíduos de Limpeza Púbica (ton.) | S6: Total Resíduos Passíveis de Valorização (Coleta Convencional e Limpeza Públicas) (ton.) | T6: Meta de Tratamento e Valorização de Resíduos | U6: Resíduos Tratados e Valorizados (ton.) | V6: Rejeitos do tratamento e valorização (ton.) | W6: Rejeitos de Processos (Coleta convencional + rejeitos das cooperativas + limpeza urbana) para Disposição Final em Aterro Sanitário (ton.) | X6: Transporte e Disposição Final de Lodo até Aterro Sanitário | Y6: Percentual de Valorização (Compostagem caseira + Reciclagem + Valorização) | Z6: Meta de Recuperação da massa total de RSU no Sul do Brasil (PLANARES)
C7: =SUM(D7:F7) -> 0 | D7: ='01 - Dados de Entrada'!C26 -> 0 | E7: ='01 - Dados de Entrada'!C27+'01 - Dados de Entrada'!C28+'01 - Dados de Entrada'!C29+'01 - Dados de Entrada'!C30+'01 - Dados de Entrada'!C32 -> 0 | F7: ='01 - Dados de Entrada'!C31 -> 0
A8: ='02 - Evolução Populacional'!A7 -> 0 | B8: ='02 - Evolução Populacional'!B7 -> 2024 | C8: ='01 - Dados de Entrada'!$C$18*'02 - Evolução Populacional'!E7*365/1000 -> 0 | D8: =C8*'01 - Dados de Entrada'!$C$26 -> 0 | E8: =C8*$E$7 -> 0 | F8: =C8-D8-E8 -> 0 | G8: 0 | H8: =D8*G8 -> 0 | I8: ='01 - Dados de Entrada'!$C$13 -> 0 | J8: =C8*I8 -> 0 | K8: ='01 - Dados de Entrada'!$C$15 -> 0 | L8: =J8*K8 -> 0 | M8: =L8/C8 -> #DIV/0! | N8: 0.095 | O8: =J8-L8 -> 0 | P8: =C8-H8-J8+O8 -> 0 | Q8: ='01 - Dados de Entrada'!#REF!*'02 - Evolução Populacional'!E7*365/1000 -> #REF! | R8: ='01 - Dados de Entrada'!$C$20*'02 - Evolução Populacional'!E7*365/1000 -> 0 | S8: =P8+R8 -> 0 | T8: 0 | U8: =(S8*T8) -> 0 | V8: 0 | W8: =((S8-U8)) -> 0 | X8: =Q8 -> #REF! | Y8: =(L8+U8+H8)/(C8+R8) -> #DIV/0! | Z8: 0.171
A9: ='02 - Evolução Populacional'!A8 -> 1 | B9: ='02 - Evolução Populacional'!B8 -> 2025 | C9: ='01 - Dados de Entrada'!$C$18*'02 - Evolução Populacional'!E8*365/1000 -> 0 | D9: =C9*'01 - Dados de Entrada'!$C$26 -> 0 | E9: =C9*$E$7 -> 0 | F9: =C9-D9-E9 -> 0 | H9: =D9*G9 -> 0 | J9: =C9*I9 -> 0 | L9: =J9*K9 -> 0 | O9: =J9-L9 -> 0 | P9: =C9-H9-J9+O9 -> 0 | Q9: ='01 - Dados de Entrada'!#REF!*'02 - Evolução Populacional'!E8*365/1000 -> #REF! | R9: ='01 - Dados de Entrada'!$C$20*'02 - Evolução Populacional'!E8*365/1000 -> 0 | S9: =P9+R9 -> 0 | U9: =(S9*T9) -> 0 | V9: 0 | W9: =((S9-U9)) -> 0 | X9: =Q9 -> #REF!
A10: ='02 - Evolução Populacional'!A9 -> 2 | B10: ='02 - Evolução Populacional'!B9 -> 2026 | C10: ='01 - Dados de Entrada'!$C$18*'02 - Evolução Populacional'!E9*365/1000 -> 0 | D10: =C10*'01 - Dados de Entrada'!$C$26 -> 0 | E10: =C10*$E$7 -> 0 | F10: =C10-D10-E10 -> 0 | H10: =D10*G10 -> 0 | J10: =C10*I10 -> 0 | L10: =J10*K10 -> 0 | O10: =J10-L10 -> 0 | P10: =C10-H10-J10+O10 -> 0 | Q10: ='01 - Dados de Entrada'!#REF!*'02 - Evolução Populacional'!E9*365/1000 -> #REF! | R10: ='01 - Dados de Entrada'!$C$20*'02 - Evolução Populacional'!E9*365/1000 -> 0 | S10: =P10+R10 -> 0 | U10: =(S10*T10) -> 0 | V10: 0 | W10: =((S10-U10)) -> 0 | X10: =Q10 -> #REF!
A11: ='02 - Evolução Populacional'!A10 -> 3 | B11: ='02 - Evolução Populacional'!B10 -> 2027 | C11: ='01 - Dados de Entrada'!$C$18*'02 - Evolução Populacional'!E10*365/1000 -> 0 | D11: =C11*'01 - Dados de Entrada'!$C$26 -> 0 | E11: =C11*$E$7 -> 0 | F11: =C11-D11-E11 -> 0 | H11: =D11*G11 -> 0 | J11: =C11*I11 -> 0 | L11: =J11*K11 -> 0 | O11: =J11-L11 -> 0 | P11: =C11-H11-J11+O11 -> 0 | Q11: ='01 - Dados de Entrada'!#REF!*'02 - Evolução Populacional'!E10*365/1000 -> #REF! | R11: ='01 - Dados de Entrada'!$C$20*'02 - Evolução Populacional'!E10*365/1000 -> 0 | S11: =P11+R11 -> 0 | U11: =(S11*T11) -> 0 | V11: 0 | W11: =((S11-U11)) -> 0 | X11: =Q11 -> #REF!
A12: ='02 - Evolução Populacional'!A11 -> 4 | B12: ='02 - Evolução Populacional'!B11 -> 2028 | C12: ='01 - Dados de Entrada'!$C$18*'02 - Evolução Populacional'!E11*365/1000 -> 0 | D12: =C12*'01 - Dados de Entrada'!$C$26 -> 0 | E12: =C12*$E$7 -> 0 | F12: =C12-D12-E12 -> 0 | H12: =D12*G12 -> 0 | J12: =C12*I12 -> 0 | L12: =J12*K12 -> 0 | N12: 0.143 | O12: =J12-L12 -> 0 | P12: =C12-H12-J12+O12 -> 0 | Q12: ='01 - Dados de Entrada'!#REF!*'02 - Evolução Populacional'!E11*365/1000 -> #REF! | R12: ='01 - Dados de Entrada'!$C$20*'02 - Evolução Populacional'!E11*365/1000 -> 0 | S12: =P12+R12 -> 0 | U12: =(S12*T12) -> 0 | V12: 0 | W12: =((S12-U12)) -> 0 | X12: =Q12 -> #REF! | Z12: 0.295
A13: ='02 - Evolução Populacional'!A12 -> 5 | B13: ='02 - Evolução Populacional'!B12 -> 2029 | C13: ='01 - Dados de Entrada'!$C$18*'02 - Evolução Populacional'!E12*365/1000 -> 0 | D13: =C13*'01 - Dados de Entrada'!$C$26 -> 0 | E13: =C13*$E$7 -> 0 | F13: =C13-D13-E13 -> 0 | H13: =D13*G13 -> 0 | J13: =C13*I13 -> 0 | L13: =J13*K13 -> 0 | O13: =J13-L13 -> 0 | P13: =C13-H13-J13+O13 -> 0 | Q13: ='01 - Dados de Entrada'!#REF!*'02 - Evolução Populacional'!E12*365/1000 -> #REF! | R13: ='01 - Dados de Entrada'!$C$20*'02 - Evolução Populacional'!E12*365/1000 -> 0 | S13: =P13+R13 -> 0 | U13: =(S13*T13) -> 0 | V13: =((S13-U13)) -> 0 | W13: =((S13-U13)) -> 0 | X13: =Q13 -> #REF!
A14: ='02 - Evolução Populacional'!A13 -> 6 | B14: ='02 - Evolução Populacional'!B13 -> 2030 | C14: ='01 - Dados de Entrada'!$C$18*'02 - Evolução Populacional'!E13*365/1000 -> 0 | D14: =C14*'01 - Dados de Entrada'!$C$26 -> 0 | E14: =C14*$E$7 -> 0 | F14: =C14-D14-E14 -> 0 | H14: =D14*G14 -> 0 | J14: =C14*I14 -> 0 | L14: =J14*K14 -> 0 | O14: =J14-L14 -> 0 | P14: =C14-H14-J14+O14 -> 0 | Q14: ='01 - Dados de Entrada'!#REF!*'02 - Evolução Populacional'!E13*365/1000 -> #REF! | R14: ='01 - Dados de Entrada'!$C$20*'02 - Evolução Populacional'!E13*365/1000 -> 0 | S14: =P14+R14 -> 0 | U14: =(S14*T14) -> 0 | V14: =((S14-U14)) -> 0 | W14: =((S14-U14)) -> 0 | X14: =Q14 -> #REF!
A15: ='02 - Evolução Populacional'!A14 -> 7 | B15: ='02 - Evolução Populacional'!B14 -> 2031 | C15: ='01 - Dados de Entrada'!$C$18*'02 - Evolução Populacional'!E14*365/1000 -> 0 | D15: =C15*'01 - Dados de Entrada'!$C$26 -> 0 | E15: =C15*$E$7 -> 0 | F15: =C15-D15-E15 -> 0 | H15: =D15*G15 -> 0 | J15: =C15*I15 -> 0 | L15: =J15*K15 -> 0 | O15: =J15-L15 -> 0 | P15: =C15-H15-J15+O15 -> 0 | Q15: ='01 - Dados de Entrada'!#REF!*'02 - Evolução Populacional'!E14*365/1000 -> #REF! | R15: ='01 - Dados de Entrada'!$C$20*'02 - Evolução Populacional'!E14*365/1000 -> 0 | S15: =P15+R15 -> 0 | U15: =(S15*T15) -> 0 | V15: =((S15-U15)) -> 0 | W15: =((S15-U15)) -> 0 | X15: =Q15 -> #REF!
A16: ='02 - Evolução Populacional'!A15 -> 8 | B16: ='02 - Evolução Populacional'!B15 -> 2032 | C16: ='01 - Dados de Entrada'!$C$18*'02 - Evolução Populacional'!E15*365/1000 -> 0 | D16: =C16*'01 - Dados de Entrada'!$C$26 -> 0 | E16: =C16*$E$7 -> 0 | F16: =C16-D16-E16 -> 0 | H16: =D16*G16 -> 0 | J16: =C16*I16 -> 0 | L16: =J16*K16 -> 0 | N16: 0.191 | O16: =J16-L16 -> 0 | P16: =C16-H16-J16+O16 -> 0 | Q16: ='01 - Dados de Entrada'!#REF!*'02 - Evolução Populacional'!E15*365/1000 -> #REF! | R16: ='01 - Dados de Entrada'!$C$20*'02 - Evolução Populacional'!E15*365/1000 -> 0 | S16: =P16+R16 -> 0 | U16: =(S16*T16) -> 0 | V16: =((S16-U16)) -> 0 | W16: =((S16-U16)) -> 0 | X16: =Q16 -> #REF! | Z16: 0.419
A17: ='02 - Evolução Populacional'!A16 -> 9 | B17: ='02 - Evolução Populacional'!B16 -> 2033 | C17: ='01 - Dados de Entrada'!$C$18*'02 - Evolução Populacional'!E16*365/1000 -> 0 | D17: =C17*'01 - Dados de Entrada'!$C$26 -> 0 | E17: =C17*$E$7 -> 0 | F17: =C17-D17-E17 -> 0 | H17: =D17*G17 -> 0 | J17: =C17*I17 -> 0 | L17: =J17*K17 -> 0 | O17: =J17-L17 -> 0 | P17: =C17-H17-J17+O17 -> 0 | Q17: ='01 - Dados de Entrada'!#REF!*'02 - Evolução Populacional'!E16*365/1000 -> #REF! | R17: ='01 - Dados de Entrada'!$C$20*'02 - Evolução Populacional'!E16*365/1000 -> 0 | S17: =P17+R17 -> 0 | U17: =(S17*T17) -> 0 | V17: =((S17-U17)) -> 0 | W17: =((S17-U17)) -> 0 | X17: =Q17 -> #REF!
A18: ='02 - Evolução Populacional'!A17 -> 10 | B18: ='02 - Evolução Populacional'!B17 -> 2034 | C18: ='01 - Dados de Entrada'!$C$18*'02 - Evolução Populacional'!E17*365/1000 -> 0 | D18: =C18*'01 - Dados de Entrada'!$C$26 -> 0 | E18: =C18*$E$7 -> 0 | F18: =C18-D18-E18 -> 0 | H18: =D18*G18 -> 0 | J18: =C18*I18 -> 0 | L18: =J18*K18 -> 0 | O18: =J18-L18 -> 0 | P18: =C18-H18-J18+O18 -> 0 | Q18: ='01 - Dados de Entrada'!#REF!*'02 - Evolução Populacional'!E17*365/1000 -> #REF! | R18: ='01 - Dados de Entrada'!$C$20*'02 - Evolução Populacional'!E17*365/1000 -> 0 | S18: =P18+R18 -> 0 | U18: =(S18*T18) -> 0 | V18: =((S18-U18)) -> 0 | W18: =((S18-U18)) -> 0 | X18: =Q18 -> #REF!
A19: ='02 - Evolução Populacional'!A18 -> 11 | B19: ='02 - Evolução Populacional'!B18 -> 2035 | C19: ='01 - Dados de Entrada'!$C$18*'02 - Evolução Populacional'!E18*365/1000 -> 0 | D19: =C19*'01 - Dados de Entrada'!$C$26 -> 0 | E19: =C19*$E$7 -> 0 | F19: =C19-D19-E19 -> 0 | H19: =D19*G19 -> 0 | J19: =C19*I19 -> 0 | L19: =J19*K19 -> 0 | O19: =J19-L19 -> 0 | P19: =C19-H19-J19+O19 -> 0 | Q19: ='01 - Dados de Entrada'!#REF!*'02 - Evolução Populacional'!E18*365/1000 -> #REF! | R19: ='01 - Dados de Entrada'!$C$20*'02 - Evolução Populacional'!E18*365/1000 -> 0 | S19: =P19+R19 -> 0 | U19: =(S19*T19) -> 0 | V19: =((S19-U19)) -> 0 | W19: =((S19-U19)) -> 0 | X19: =Q19 -> #REF!
A20: ='02 - Evolução Populacional'!A19 -> 12 | B20: ='02 - Evolução Populacional'!B19 -> 2036 | C20: ='01 - Dados de Entrada'!$C$18*'02 - Evolução Populacional'!E19*365/1000 -> 0 | D20: =C20*'01 - Dados de Entrada'!$C$26 -> 0 | E20: =C20*$E$7 -> 0 | F20: =C20-D20-E20 -> 0 | H20: =D20*G20 -> 0 | J20: =C20*I20 -> 0 | L20: =J20*K20 -> 0 | N20: 0.239 | O20: =J20-L20 -> 0 | P20: =C20-H20-J20+O20 -> 0 | Q20: ='01 - Dados de Entrada'!#REF!*'02 - Evolução Populacional'!E19*365/1000 -> #REF! | R20: ='01 - Dados de Entrada'!$C$20*'02 - Evolução Populacional'!E19*365/1000 -> 0 | S20: =P20+R20 -> 0 | U20: =(S20*T20) -> 0 | V20: =((S20-U20)) -> 0 | W20: =((S20-U20)) -> 0 | X20: =Q20 -> #REF! | Z20: 0.543
A21: ='02 - Evolução Populacional'!A20 -> 13 | B21: ='02 - Evolução Populacional'!B20 -> 2037 | C21: ='01 - Dados de Entrada'!$C$18*'02 - Evolução Populacional'!E20*365/1000 -> 0 | D21: =C21*'01 - Dados de Entrada'!$C$26 -> 0 | E21: =C21*$E$7 -> 0 | F21: =C21-D21-E21 -> 0 | H21: =D21*G21 -> 0 | J21: =C21*I21 -> 0 | L21: =J21*K21 -> 0 | O21: =J21-L21 -> 0 | P21: =C21-H21-J21+O21 -> 0 | Q21: ='01 - Dados de Entrada'!#REF!*'02 - Evolução Populacional'!E20*365/1000 -> #REF! | R21: ='01 - Dados de Entrada'!$C$20*'02 - Evolução Populacional'!E20*365/1000 -> 0 | S21: =P21+R21 -> 0 | U21: =(S21*T21) -> 0 | V21: =((S21-U21)) -> 0 | W21: =((S21-U21)) -> 0 | X21: =Q21 -> #REF!
A22: ='02 - Evolução Populacional'!A21 -> 14 | B22: ='02 - Evolução Populacional'!B21 -> 2038 | C22: ='01 - Dados de Entrada'!$C$18*'02 - Evolução Populacional'!E21*365/1000 -> 0 | D22: =C22*'01 - Dados de Entrada'!$C$26 -> 0 | E22: =C22*$E$7 -> 0 | F22: =C22-D22-E22 -> 0 | H22: =D22*G22 -> 0 | J22: =C22*I22 -> 0 | L22: =J22*K22 -> 0 | O22: =J22-L22 -> 0 | P22: =C22-H22-J22+O22 -> 0 | Q22: ='01 - Dados de Entrada'!#REF!*'02 - Evolução Populacional'!E21*365/1000 -> #REF! | R22: ='01 - Dados de Entrada'!$C$20*'02 - Evolução Populacional'!E21*365/1000 -> 0 | S22: =P22+R22 -> 0 | U22: =(S22*T22) -> 0 | V22: =((S22-U22)) -> 0 | W22: =((S22-U22)) -> 0 | X22: =Q22 -> #REF!
A23: ='02 - Evolução Populacional'!A22 -> 15 | B23: ='02 - Evolução Populacional'!B22 -> 2039 | C23: ='01 - Dados de Entrada'!$C$18*'02 - Evolução Populacional'!E22*365/1000 -> 0 | D23: =C23*'01 - Dados de Entrada'!$C$26 -> 0 | E23: =C23*$E$7 -> 0 | F23: =C23-D23-E23 -> 0 | H23: =D23*G23 -> 0 | J23: =C23*I23 -> 0 | L23: =J23*K23 -> 0 | O23: =J23-L23 -> 0 | P23: =C23-H23-J23+O23 -> 0 | Q23: ='01 - Dados de Entrada'!#REF!*'02 - Evolução Populacional'!E22*365/1000 -> #REF! | R23: ='01 - Dados de Entrada'!$C$20*'02 - Evolução Populacional'!E22*365/1000 -> 0 | S23: =P23+R23 -> 0 | U23: =(S23*T23) -> 0 | V23: =((S23-U23)) -> 0 | W23: =((S23-U23)) -> 0 | X23: =Q23 -> #REF!
A24: ='02 - Evolução Populacional'!A23 -> 16 | B24: ='02 - Evolução Populacional'!B23 -> 2040 | C24: ='01 - Dados de Entrada'!$C$18*'02 - Evolução Populacional'!E23*365/1000 -> 0 | D24: =C24*'01 - Dados de Entrada'!$C$26 -> 0 | E24: =C24*$E$7 -> 0 | F24: =C24-D24-E24 -> 0 | H24: =D24*G24 -> 0 | J24: =C24*I24 -> 0 | L24: =J24*K24 -> 0 | N24: 0.287 | O24: =J24-L24 -> 0 | P24: =C24-H24-J24+O24 -> 0 | Q24: ='01 - Dados de Entrada'!#REF!*'02 - Evolução Populacional'!E23*365/1000 -> #REF! | R24: ='01 - Dados de Entrada'!$C$20*'02 - Evolução Populacional'!E23*365/1000 -> 0 | S24: =P24+R24 -> 0 | U24: =(S24*T24) -> 0 | V24: =((S24-U24)) -> 0 | W24: =((S24-U24)) -> 0 | X24: =Q24 -> #REF! | Z24: 0.667
A25: ='02 - Evolução Populacional'!A24 -> 17 | B25: ='02 - Evolução Populacional'!B24 -> 2041 | C25: ='01 - Dados de Entrada'!$C$18*'02 - Evolução Populacional'!E24*365/1000 -> 0 | D25: =C25*'01 - Dados de Entrada'!$C$26 -> 0 | E25: =C25*$E$7 -> 0 | F25: =C25-D25-E25 -> 0 | H25: =D25*G25 -> 0 | J25: =C25*I25 -> 0 | L25: =J25*K25 -> 0 | O25: =J25-L25 -> 0 | P25: =C25-H25-J25+O25 -> 0 | Q25: ='01 - Dados de Entrada'!#REF!*'02 - Evolução Populacional'!E24*365/1000 -> #REF! | R25: ='01 - Dados de Entrada'!$C$20*'02 - Evolução Populacional'!E24*365/1000 -> 0 | S25: =P25+R25 -> 0 | U25: =(S25*T25) -> 0 | V25: =((S25-U25)) -> 0 | W25: =((S25-U25)) -> 0 | X25: =Q25 -> #REF!
A26: ='02 - Evolução Populacional'!A25 -> 18 | B26: ='02 - Evolução Populacional'!B25 -> 2042 | C26: ='01 - Dados de Entrada'!$C$18*'02 - Evolução Populacional'!E25*365/1000 -> 0 | D26: =C26*'01 - Dados de Entrada'!$C$26 -> 0 | E26: =C26*$E$7 -> 0 | F26: =C26-D26-E26 -> 0 | H26: =D26*G26 -> 0 | J26: =C26*I26 -> 0 | L26: =J26*K26 -> 0 | O26: =J26-L26 -> 0 | P26: =C26-H26-J26+O26 -> 0 | Q26: ='01 - Dados de Entrada'!#REF!*'02 - Evolução Populacional'!E25*365/1000 -> #REF! | R26: ='01 - Dados de Entrada'!$C$20*'02 - Evolução Populacional'!E25*365/1000 -> 0 | S26: =P26+R26 -> 0 | U26: =(S26*T26) -> 0 | V26: =((S26-U26)) -> 0 | W26: =((S26-U26)) -> 0 | X26: =Q26 -> #REF!
A27: ='02 - Evolução Populacional'!A26 -> 19 | B27: ='02 - Evolução Populacional'!B26 -> 2043 | C27: ='01 - Dados de Entrada'!$C$18*'02 - Evolução Populacional'!E26*365/1000 -> 0 | D27: =C27*'01 - Dados de Entrada'!$C$26 -> 0 | E27: =C27*$E$7 -> 0 | F27: =C27-D27-E27 -> 0 | H27: =D27*G27 -> 0 | J27: =C27*I27 -> 0 | L27: =J27*K27 -> 0 | O27: =J27-L27 -> 0 | P27: =C27-H27-J27+O27 -> 0 | Q27: ='01 - Dados de Entrada'!#REF!*'02 - Evolução Populacional'!E26*365/1000 -> #REF! | R27: ='01 - Dados de Entrada'!$C$20*'02 - Evolução Populacional'!E26*365/1000 -> 0 | S27: =P27+R27 -> 0 | U27: =(S27*T27) -> 0 | V27: =((S27-U27)) -> 0 | W27: =((S27-U27)) -> 0 | X27: =Q27 -> #REF!
A28: ='02 - Evolução Populacional'!A27 -> 20 | B28: ='02 - Evolução Populacional'!B27 -> 2044 | C28: ='01 - Dados de Entrada'!$C$18*'02 - Evolução Populacional'!E27*365/1000 -> 0 | D28: =C28*'01 - Dados de Entrada'!$C$26 -> 0 | E28: =C28*$E$7 -> 0 | F28: =C28-D28-E28 -> 0 | H28: =D28*G28 -> 0 | J28: =C28*I28 -> 0 | L28: =J28*K28 -> 0 | O28: =J28-L28 -> 0 | P28: =C28-H28-J28+O28 -> 0 | Q28: ='01 - Dados de Entrada'!#REF!*'02 - Evolução Populacional'!E27*365/1000 -> #REF! | R28: ='01 - Dados de Entrada'!$C$20*'02 - Evolução Populacional'!E27*365/1000 -> 0 | S28: =P28+R28 -> 0 | U28: =(S28*T28) -> 0 | V28: =((S28-U28)) -> 0 | W28: =((S28-U28)) -> 0 | X28: =Q28 -> #REF!
A29: ='02 - Evolução Populacional'!A28 -> 21 | B29: ='02 - Evolução Populacional'!B28 -> 2045 | C29: ='01 - Dados de Entrada'!$C$18*'02 - Evolução Populacional'!E28*365/1000 -> 0 | D29: =C29*'01 - Dados de Entrada'!$C$26 -> 0 | E29: =C29*$E$7 -> 0 | F29: =C29-D29-E29 -> 0 | H29: =D29*G29 -> 0 | J29: =C29*I29 -> 0 | L29: =J29*K29 -> 0 | O29: =J29-L29 -> 0 | P29: =C29-H29-J29+O29 -> 0 | Q29: ='01 - Dados de Entrada'!#REF!*'02 - Evolução Populacional'!E28*365/1000 -> #REF! | R29: ='01 - Dados de Entrada'!$C$20*'02 - Evolução Populacional'!E28*365/1000 -> 0 | S29: =P29+R29 -> 0 | U29: =(S29*T29) -> 0 | V29: =((S29-U29)) -> 0 | W29: =((S29-U29)) -> 0 | X29: =Q29 -> #REF!
A30: ='02 - Evolução Populacional'!A29 -> 22 | B30: ='02 - Evolução Populacional'!B29 -> 2046 | C30: ='01 - Dados de Entrada'!$C$18*'02 - Evolução Populacional'!E29*365/1000 -> 0 | D30: =C30*'01 - Dados de Entrada'!$C$26 -> 0 | E30: =C30*$E$7 -> 0 | F30: =C30-D30-E30 -> 0 | H30: =D30*G30 -> 0 | J30: =C30*I30 -> 0 | L30: =J30*K30 -> 0 | O30: =J30-L30 -> 0 | P30: =C30-H30-J30+O30 -> 0 | Q30: ='01 - Dados de Entrada'!#REF!*'02 - Evolução Populacional'!E29*365/1000 -> #REF! | R30: ='01 - Dados de Entrada'!$C$20*'02 - Evolução Populacional'!E29*365/1000 -> 0 | S30: =P30+R30 -> 0 | U30: =(S30*T30) -> 0 | V30: =((S30-U30)) -> 0 | W30: =((S30-U30)) -> 0 | X30: =Q30 -> #REF!
A31: ='02 - Evolução Populacional'!A30 -> 23 | B31: ='02 - Evolução Populacional'!B30 -> 2047 | C31: ='01 - Dados de Entrada'!$C$18*'02 - Evolução Populacional'!E30*365/1000 -> 0 | D31: =C31*'01 - Dados de Entrada'!$C$26 -> 0 | E31: =C31*$E$7 -> 0 | F31: =C31-D31-E31 -> 0 | H31: =D31*G31 -> 0 | J31: =C31*I31 -> 0 | L31: =J31*K31 -> 0 | O31: =J31-L31 -> 0 | P31: =C31-H31-J31+O31 -> 0 | Q31: ='01 - Dados de Entrada'!#REF!*'02 - Evolução Populacional'!E30*365/1000 -> #REF! | R31: ='01 - Dados de Entrada'!$C$20*'02 - Evolução Populacional'!E30*365/1000 -> 0 | S31: =P31+R31 -> 0 | U31: =(S31*T31) -> 0 | V31: =((S31-U31)) -> 0 | W31: =((S31-U31)) -> 0 | X31: =Q31 -> #REF!
A32: ='02 - Evolução Populacional'!A31 -> 24 | B32: ='02 - Evolução Populacional'!B31 -> 2048 | C32: ='01 - Dados de Entrada'!$C$18*'02 - Evolução Populacional'!E31*365/1000 -> 0 | D32: =C32*'01 - Dados de Entrada'!$C$26 -> 0 | E32: =C32*$E$7 -> 0 | F32: =C32-D32-E32 -> 0 | H32: =D32*G32 -> 0 | J32: =C32*I32 -> 0 | L32: =J32*K32 -> 0 | O32: =J32-L32 -> 0 | P32: =C32-H32-J32+O32 -> 0 | Q32: ='01 - Dados de Entrada'!#REF!*'02 - Evolução Populacional'!E31*365/1000 -> #REF! | R32: ='01 - Dados de Entrada'!$C$20*'02 - Evolução Populacional'!E31*365/1000 -> 0 | S32: =P32+R32 -> 0 | U32: =(S32*T32) -> 0 | V32: =((S32-U32)) -> 0 | W32: =((S32-U32)) -> 0 | X32: =Q32 -> #REF!
A33: ='02 - Evolução Populacional'!A32 -> 25 | B33: ='02 - Evolução Populacional'!B32 -> 2049 | C33: ='01 - Dados de Entrada'!$C$18*'02 - Evolução Populacional'!E32*365/1000 -> 0 | D33: =C33*'01 - Dados de Entrada'!$C$26 -> 0 | E33: =C33*$E$7 -> 0 | F33: =C33-D33-E33 -> 0 | H33: =D33*G33 -> 0 | J33: =C33*I33 -> 0 | L33: =J33*K33 -> 0 | O33: =J33-L33 -> 0 | P33: =C33-H33-J33+O33 -> 0 | Q33: ='01 - Dados de Entrada'!#REF!*'02 - Evolução Populacional'!E32*365/1000 -> #REF! | R33: ='01 - Dados de Entrada'!$C$20*'02 - Evolução Populacional'!E32*365/1000 -> 0 | S33: =P33+R33 -> 0 | U33: =(S33*T33) -> 0 | V33: =((S33-U33)) -> 0 | W33: =((S33-U33)) -> 0 | X33: =Q33 -> #REF!
A34: ='02 - Evolução Populacional'!A33 -> 26 | B34: ='02 - Evolução Populacional'!B33 -> 2050 | C34: ='01 - Dados de Entrada'!$C$18*'02 - Evolução Populacional'!E33*365/1000 -> 0 | D34: =C34*'01 - Dados de Entrada'!$C$26 -> 0 | E34: =C34*$E$7 -> 0 | F34: =C34-D34-E34 -> 0 | H34: =D34*G34 -> 0 | J34: =C34*I34 -> 0 | L34: =J34*K34 -> 0 | O34: =J34-L34 -> 0 | P34: =C34-H34-J34+O34 -> 0 | Q34: ='01 - Dados de Entrada'!#REF!*'02 - Evolução Populacional'!E33*365/1000 -> #REF! | R34: ='01 - Dados de Entrada'!$C$20*'02 - Evolução Populacional'!E33*365/1000 -> 0 | S34: =P34+R34 -> 0 | U34: =(S34*T34) -> 0 | V34: =((S34-U34)) -> 0 | W34: =((S34-U34)) -> 0 | X34: =Q34 -> #REF!
A35: ='02 - Evolução Populacional'!A34 -> 27 | B35: ='02 - Evolução Populacional'!B34 -> 2051 | C35: ='01 - Dados de Entrada'!$C$18*'02 - Evolução Populacional'!E34*365/1000 -> 0 | D35: =C35*'01 - Dados de Entrada'!$C$26 -> 0 | E35: =C35*$E$7 -> 0 | F35: =C35-D35-E35 -> 0 | H35: =D35*G35 -> 0 | J35: =C35*I35 -> 0 | L35: =J35*K35 -> 0 | O35: =J35-L35 -> 0 | P35: =C35-H35-J35+O35 -> 0 | Q35: ='01 - Dados de Entrada'!#REF!*'02 - Evolução Populacional'!E34*365/1000 -> #REF! | R35: ='01 - Dados de Entrada'!$C$20*'02 - Evolução Populacional'!E34*365/1000 -> 0 | S35: =P35+R35 -> 0 | U35: =(S35*T35) -> 0 | V35: =((S35-U35)) -> 0 | W35: =((S35-U35)) -> 0 | X35: =Q35 -> #REF!
A36: ='02 - Evolução Populacional'!A35 -> 28 | B36: ='02 - Evolução Populacional'!B35 -> 2052 | C36: ='01 - Dados de Entrada'!$C$18*'02 - Evolução Populacional'!E35*365/1000 -> 0 | D36: =C36*'01 - Dados de Entrada'!$C$26 -> 0 | E36: =C36*$E$7 -> 0 | F36: =C36-D36-E36 -> 0 | H36: =D36*G36 -> 0 | J36: =C36*I36 -> 0 | L36: =J36*K36 -> 0 | O36: =J36-L36 -> 0 | P36: =C36-H36-J36+O36 -> 0 | Q36: ='01 - Dados de Entrada'!#REF!*'02 - Evolução Populacional'!E35*365/1000 -> #REF! | R36: ='01 - Dados de Entrada'!$C$20*'02 - Evolução Populacional'!E35*365/1000 -> 0 | S36: =P36+R36 -> 0 | U36: =(S36*T36) -> 0 | V36: =((S36-U36)) -> 0 | W36: =((S36-U36)) -> 0 | X36: =Q36 -> #REF!
... A43: ='02 - Evolução Populacional'!A42 -> 35 | B43: ='02 - Evolução Populacional'!B42 -> 2059 | C43: ='01 - Dados de Entrada'!$C$18*'02 - Evolução Populacional'!E42*365/1000 -> 0 | D43: =C43*'01 - Dados de Entrada'!$C$26 -> 0 | E43: =C43*$E$7 -> 0 | F43: =C43-D43-E43 -> 0 | H43: =D43*G43 -> 0 | J43: =C43*I43 -> 0 | L43: =J43*K43 -> 0 | O43: =J43-L43 -> 0 | P43: =C43-H43-J43+O43 -> 0 | Q43: ='01 - Dados de Entrada'!#REF!*'02 - Evolução Populacional'!E42*365/1000 -> #REF! | R43: ='01 - Dados de Entrada'!$C$20*'02 - Evolução Populacional'!E42*365/1000 -> 0 | S43: =P43+R43 -> 0 | U43: =(S43*T43) -> 0 | V43: =((S43-U43)) -> 0 | W43: =((S43-U43)) -> 0 | X43: =Q43 -> #REF!
C44: =SUM(C9:C43) -> 0 | D44: =SUM(D9:D43) -> 0 | E44: =SUM(E9:E43) -> 0 | F44: =SUM(F9:F43) -> 0 | H44: =SUM(H9:H43) -> 0 | J44: =SUM(J9:J43) -> 0 | L44: =SUM(L9:L43) -> 0 | O44: =SUM(O9:O43) -> 0 | P44: =SUM(P9:P43) -> 0 | Q44: =SUM(Q9:Q43) -> #REF! | R44: =SUM(R9:R43) -> 0 | S44: =SUM(S9:S43) -> 0 | U44: =SUM(U9:U43) -> 0 | V44: =SUM(V9:V43) -> 0 | W44: =SUM(W9:W43) -> 0 | X44: =SUM(X9:X43) -> #REF!

Sheet 04 - Veículos e Equipamentos
A1: PREFEITURA MUNICIPAL DE JARAGUÁ DO SUL
A2: ESTUDO DE VIABILIDADE ECONÔMICA PARA A CONCESSÃO DOS SERVIÇOS DE LIMPEZA PÚBLICA E MANEJO DE RESÍDUOS SÓLIDOS
A3: VEÍCULOS E EQUIPAMENTOS
A5: Número de Veículos por Categoria | B5: Ano 01 | C5: Ano 02 | D5: Ano 03 | E5: Ano 04 | F5: Ano 05 | G5: Ano 06 | H5: Ano 07 | I5: Ano 08 | J5: Ano 09 | K5: Ano 10 | L5: Ano 11 | M5: Ano 12 | N5: Ano 13 | O5: Ano 14 | P5: Ano 15 | Q5: Ano 16 | R5: Ano 17 | S5: Ano 18 | T5: Ano 19 | U5: Ano 20 | V5: Ano 21 | W5: Ano 22 | X5: Ano 23 | Y5: Ano 24 | Z5: Ano 25 | AA5: Ano 26 | AB5: Ano 27 | AC5: Ano 28 | AD5: Ano 29 | AE5: Ano 30 | AF5: Ano 31 | AG5: Ano 32 | AH5: Ano 33 | AI5: Ano 34 | AJ5: Ano 35
A6: Operação Coleta e Transporte de Resíduos
A7: Caminhão Compactador - Coleta convencional manual
A8: Caminhão Compactador - Coleta convencional (reserva)
A9: Caminhão Compactador - Coleta convencional mecanizada
A10: Caminhão Compactador de Pequeno Porte
A11: Caminhão Compactador de Pequeno Porte (reserva)
A12: Total de veículos compactadores operacionais 15m³
A13: Total de veículos compactadores
A14: Caminhão com caçamba de lavação de contentores (col. Mecanizada)
A15: Veículo Utilitário leve
A16: Motocicleta
A17: Operação Coleta Seletiva
... A23: Motocicleta
A24: Manutenção | B24: 0 | C24: 0 | D24: 0 | E24: 0 | F24: 0 | G24: 0 | H24: 0 | I24: 0 | J24: 0 | K24: 0 | L24: 0 | M24: 0 | N24: 0 | O24: 0 | P24: 0 | Q24: 0 | R24: 0 | S24: 0 | T24: 0 | U24: 0 | V24: 0 | W24: 0 | X24: 0 | Y24: 0 | Z24: 0 | AA24: 0 | AB24: 0 | AC24: 0 | AD24: 0 | AE24: 0 | AF24: 0 | AG24: 0 | AH24: 0 | AI24: 0 | AJ24: 0
A25: Veículo Utilitário leve | B25: =ROUND((B7+B9+B10+B14+B15+B16+B18+B20+B22+B23)/20,0) -> 0 | C25: =ROUND((C7+C9+C10+C14+C15+C16+C18+C20+C22+C23)/20,0) -> 0 | D25: =ROUND((D7+D9+D10+D14+D15+D16+D18+D20+D22+D23)/20,0) -> 0 | E25: =ROUND((E7+E9+E10+E14+E15+E16+E18+E20+E22+E23)/20,0) -> 0 | F25: =ROUND((F7+F9+F10+F14+F15+F16+F18+F20+F22+F23)/20,0) -> 0 | G25: =ROUND((G7+G9+G10+G14+G15+G16+G18+G20+G22+G23)/20,0) -> 0 | H25: =ROUND((H7+H9+H10+H14+H15+H16+H18+H20+H22+H23)/20,0) -> 0 | I25: =ROUND((I7+I9+I10+I14+I15+I16+I18+I20+I22+I23)/20,0) -> 0 | ... AJ25: =ROUND((AJ7+AJ9+AJ10+AJ14+AJ15+AJ16+AJ18+AJ20+AJ22+AJ23)/20,0) -> 0
A26: Engenharia | B26: 0 | C26: 0 | D26: 0 | E26: 0 | F26: 0 | G26: 0 | H26: 0 | I26: 0 | J26: 0 | K26: 0 | L26: 0 | M26: 0 | N26: 0 | O26: 0 | P26: 0 | Q26: 0 | R26: 0 | S26: 0 | T26: 0 | U26: 0 | V26: 0 | W26: 0 | X26: 0 | Y26: 0 | Z26: 0 | AA26: 0 | AB26: 0 | AC26: 0 | AD26: 0 | AE26: 0 | AF26: 0 | AG26: 0 | AH26: 0 | AI26: 0 | AJ26: 0
A27: Veículo de Passeio
A28: Gestão Comercial | B28: 0 | C28: 0 | D28: 0 | E28: 0 | F28: 0 | G28: 0 | H28: 0 | I28: 0 | J28: 0 | K28: 0 | L28: 0 | M28: 0 | N28: 0 | O28: 0 | P28: 0 | Q28: 0 | R28: 0 | S28: 0 | T28: 0 | U28: 0 | V28: 0 | W28: 0 | X28: 0 | Y28: 0 | Z28: 0 | AA28: 0 | AB28: 0 | AC28: 0 | AD28: 0 | AE28: 0 | AF28: 0 | AG28: 0 | AH28: 0 | AI28: 0 | AJ28: 0
A29: Veículo de Passeio
A30: Administração da SPE | B30: 0 | C30: 0 | D30: 0 | E30: 0 | F30: 0 | G30: 0 | H30: 0 | I30: 0 | J30: 0 | K30: 0 | L30: 0 | M30: 0 | N30: 0 | O30: 0 | P30: 0 | Q30: 0 | R30: 0 | S30: 0 | T30: 0 | U30: 0 | V30: 0 | W30: 0 | X30: 0 | Y30: 0 | Z30: 0 | AA30: 0 | AB30: 0 | AC30: 0 | AD30: 0 | AE30: 0 | AF30: 0 | AG30: 0 | AH30: 0 | AI30: 0 | AJ30: 0
A31: Veículo de Passeio
A32: Equipamentos
A33: Contentores - 1,0m³ Para coleta mecanizada convencional
A34: Contentores - 1,0m³ Para coleta mecanizada seletiva
A35: Contentores de 1,0 m° Para PEV
A36: Caçambas estacionárias de 6m³ Para PEV
A37: Cesto papeleiro
A38: Ecoponto
A39: Contentores de 1,0 m° Para Ecoponto
A40: Operação Transporte resíduos PEV
A41: Caminhão poliguindaste
A42: Caminhão poliguindaste (reserva)
... A78: Composteira doméstica

Sheet 05 - Relação de funcionários
A1: PREFEITURA MUNICIPAL DE JARAGUÁ DO SUL
A2: ESTUDO DE VIABILIDADE ECONÔMICA PARA A CONCESSÃO DOS SERVIÇOS DE LIMPEZA PÚBLICA E MANEJO DE RESÍDUOS SÓLIDOS
A3: EVOLUÇÃO DE PESSOAL
A5: Número de Integrantes por Categoria | B5: Ano 01 | C5: Ano 02 | D5: Ano 03 | E5: Ano 04 | F5: Ano 05 | G5: Ano 06 | H5: Ano 07 | I5: Ano 08 | J5: Ano 09 | K5: Ano 10 | L5: Ano 11 | M5: Ano 12 | N5: Ano 13 | O5: Ano 14 | P5: Ano 15 | Q5: Ano 16 | R5: Ano 17 | S5: Ano 18 | T5: Ano 19 | U5: Ano 20 | V5: Ano 21 | W5: Ano 22 | X5: Ano 23 | Y5: Ano 24 | Z5: Ano 25 | AA5: Ano 26 | AB5: Ano 27 | AC5: Ano 28 | AD5: Ano 29 | AE5: Ano 30 | AF5: Ano 31 | AG5: Ano 32 | AH5: Ano 33 | AI5: Ano 34 | AJ5: Ano 35
A6: SPE
A7: Engenharia
A8: Operação
A9: Ponto de Entrega Voluntária PEV e Ecoponto
A10: Transporte Resíduos PEV
A11: Manutenção
A12: Servços Gerais
A13: Roçada de Áreas Públicas
A14: Serviço de poda
A15: Varrição manual
A16: Total de Integrantes | B16: =SUM( B$6:B$15 ) -> 0 | C16: =SUM( C$6:C$15 ) -> 0 | D16: =SUM( D$6:D$15 ) -> 0 | E16: =SUM( E$6:E$15 ) -> 0 | F16: =SUM( F$6:F$15 ) -> 0 | G16: =SUM( G$6:G$15 ) -> 0 | H16: =SUM( H$6:H$15 ) -> 0 | I16: =SUM( I$6:I$15 ) -> 0 | ... AJ16: =SUM( AJ$6:AJ$15 ) -> 0
A18: SPE
A19: Diretor de Concessão
A20: Gerente de Operações
A21: Secretária Executiva
A22: Comunicador Social
A23: Técnico de Informática
A24: Encarregado administrativo
A25: Assistente administrativo
A26: Recepcionista
A27: Copeira
A28: Auxiliar de serviços gerais
A29: Encarregado de RH
... A86: Varredor (total)

Sheet 06 - Salários e encargos
A1: PREFEITURA MUNICIPAL DE JARAGUÁ DO SUL
A2: ESTUDO DE VIABILIDADE ECONÔMICA PARA A CONCESSÃO DOS SERVIÇOS DE LIMPEZA PÚBLICA E MANEJO DE RESÍDUOS SÓLIDOS
A3: COMPOSIÇÃO DO SALÁRIO
A5: SPE | B5: Custo mensal | C5: Salário | D5: Ad. Insal. | E5: Ad. Not. | F5: Hora extra | G5: Salário total | H5: Encargos salariais | I5: V.A. | J5: V.T.
A6: Diretor de Concessão
A7: Gerente de Operações
A8: Secretária Executiva
A9: Comunicador Social
A10: Técnico de Informática
A11: Encarregado administrativo
A12: Assistente administrativo
A13: Recepcionista
A14: Copeira
A15: Auxiliar de serviços gerais
A16: Encarregado de RH
A17: Comprador
... A63: Varredor

Sheet 07 - Custos com pessoal
A1: PREFEITURA MUNICIPAL DE JARAGUÁ DO SUL
A2: ESTUDO DE VIABILIDADE ECONÔMICA PARA A CONCESSÃO DOS SERVIÇOS DE LIMPEZA PÚBLICA E MANEJO DE RESÍDUOS SÓLIDOS
A3: EVOLUÇÃO DE CUSTOS COM PESSOAL
A5: Número de Integrantes por Categoria | B5: Total | C5: Ano 01 | D5: Ano 02 | E5: Ano 03 | F5: Ano 04 | G5: Ano 05 | H5: Ano 06 | I5: Ano 07 | J5: Ano 08 | K5: Ano 09 | L5: Ano 10 | M5: Ano 11 | N5: Ano 12 | O5: Ano 13 | P5: Ano 14 | Q5: Ano 15 | R5: Ano 16 | S5: Ano 17 | T5: Ano 18 | U5: Ano 19 | V5: Ano 20 | W5: Ano 21 | X5: Ano 22 | Y5: Ano 23 | Z5: Ano 24 | AA5: Ano 25 | AB5: Ano 26 | AC5: Ano 27 | AD5: Ano 28 | AE5: Ano 29 | AF5: Ano 30 | AG5: Ano 31 | AH5: Ano 32 | AI5: Ano 33 | AJ5: Ano 34 | AK5: Ano 35
A6: SPE
A7: Engenharia
A8: Operação
A9: Ponto de Entrega Voluntária PEV e Ecoponto
A10: Transporte Resíduos PEV
A11: Manutenção
A12: Serviços Gerais de Limpeza
A13: Roçada de Áreas Públicas
A14: Serviços de poda
A15: Varrição manual
A16: Total
A18: SPE
... A82: Varredor

Sheet 08 - Custos com EPI e uniformes
A1: PREFEITURA MUNICIPAL DE JARAGUÁ DO SUL | N1: =2*12 -> 24
A2: ESTUDO DE VIABILIDADE ECONÔMICA PARA A CONCESSÃO DOS SERVIÇOS DE LIMPEZA PÚBLICA E MANEJO DE RESÍDUOS SÓLIDOS
A3: FUNÇÃO | B3: Custo anual | C3: Camisa adm | D3: Calça adm | E3: Jaqueta adm | F3: Camisa oper. | G3: Calça oper. | H3: Jaqueta oper. | I3: Boné oper. | J3: Conj. Inpermeável | K3: Sapato de seg. | L3: Luva oper | M3: Óculos | N3: Protetor Solar | O3: Máscara Facial | P3: Perneita | Q3: Mascara PFF2 | S3: Ano 01 | T3: Ano 02 | U3: Ano 03 | V3: Ano 04 | W3: Ano 05 | X3: Ano 06 | Y3: Ano 07 | Z3: Ano 08 | AA3: Ano 09 | AB3: Ano 10 | AC3: Ano 11 | AD3: Ano 12 | AE3: Ano 13 | AF3: Ano 14 | AG3: Ano 15 | AH3: Ano 16 | AI3: Ano 17 | AJ3: Ano 18 | AK3: Ano 19 | AL3: Ano 20 | AM3: Ano 21 | AN3: Ano 22 | AO3: Ano 23 | AP3: Ano 24 | AQ3: Ano 25 | AR3: Ano 26 | AS3: Ano 27 | AT3: Ano 28 | AU3: Ano 29 | AV3: Ano 30 | AW3: Ano 31 | AX3: Ano 32 | AY3: Ano 33 | AZ3: Ano 34 | BA3: Ano 35
A4: UNIFORMES E EPIs | S4: R$/ano
C5: Consumo anual por funcionário | R5: =SUM(S5:BA5) -> 0 | S5: =SUM(S7:S69) -> 0 | T5: =SUM(T7:T69) -> 0 | U5: =SUM(U7:U69) -> 0 | V5: =SUM(V7:V69) -> 0 | W5: =SUM(W7:W69) -> 0 | X5: =SUM(X7:X69) -> 0 | Y5: =SUM(Y7:Y69) -> 0 | Z5: =SUM(Z7:Z69) -> 0 | ... BA5: =SUM(BA7:BA69) -> 0
A6: ADMINISTRATIVO
A7: Diretor de Concessão
A8: Gerente de Operações
A9: Secretária Executiva
A10: Comunicador Social
A11: Técnico de Informática
A12: Encarregado administrativo
A13: Assistente administrativo
A14: Recepcionista
A15: Copeira
A16: Auxiliar de serviços gerais
A17: Encarregado de RH
... A71: Obs: Não está prevista a triagem dos resíduos da coleta seletiva, cujos materias são destinados às cooperativas locais

Sheet 09 -Combustíveis, óleos, graxa 
A1: PREFEITURA MUNICIPAL DE JARAGUÁ DO SUL
A2: ESTUDO DE VIABILIDADE ECONÔMICA PARA A CONCESSÃO DOS SERVIÇOS DE LIMPEZA PÚBLICA E MANEJO DE RESÍDUOS SÓLIDOS
A3: EVOLUÇÃO DE CUSTOS COM COMBUSTÍVEIS, ÓLEOS E GRAXA
B5: Total | C5: Ano 01 | D5: Ano 02 | E5: Ano 03 | F5: Ano 04 | G5: Ano 05 | H5: Ano 06 | I5: Ano 07 | J5: Ano 08 | K5: Ano 09 | L5: Ano 10 | M5: Ano 11 | N5: Ano 12 | O5: Ano 13 | P5: Ano 14 | Q5: Ano 15 | R5: Ano 16 | S5: Ano 17 | T5: Ano 18 | U5: Ano 19 | V5: Ano 20 | W5: Ano 21 | X5: Ano 22 | Y5: Ano 23 | Z5: Ano 24 | AA5: Ano 25 | AB5: Ano 26 | AC5: Ano 27 | AD5: Ano 28 | AE5: Ano 29 | AF5: Ano 30 | AG5: Ano 31 | AH5: Ano 32 | AI5: Ano 33 | AJ5: Ano 34 | AK5: Ano 35
A6: 1. Custos de Combustíveis | B6: =SUM(C6:AK6) -> 0 | C6: =C18+C22+C26+C30+C10+C14+C38+C58+C46+C42+C66+C114+C34+C50+C54+C62+C70+C74+C78+C94+C98+C102+C106+C110+C82+C86+C90 -> 0 | D6: =D18+D22+D26+D30+D10+D14+D38+D58+D46+D42+D66+D114+D34+D50+D54+D62+D70+D74+D78+D94+D98+D102+D106+D110+D82+D86+D90 -> 0 | E6: =E18+E22+E26+E30+E10+E14+E38+E58+E46+E42+E66+E114+E34+E50+E54+E62+E70+E74+E78+E94+E98+E102+E106+E110+E82+E86+E90 -> 0 | F6: =F18+F22+F26+F30+F10+F14+F38+F58+F46+F42+F66+F114+F34+F50+F54+F62+F70+F74+F78+F94+F98+F102+F106+F110+F82+F86+F90 -> 0 | G6: =G18+G22+G26+G30+G10+G14+G38+G58+G46+G42+G66+G114+G34+G50+G54+G62+G70+G74+G78+G94+G98+G102+G106+G110+G82+G86+G90 -> 0 | H6: =H18+H22+H26+H30+H10+H14+H38+H58+H46+H42+H66+H114+H34+H50+H54+H62+H70+H74+H78+H94+H98+H102+H106+H110+H82+H86+H90 -> 0 | I6: =I18+I22+I26+I30+I10+I14+I38+I58+I46+I42+I66+I114+I34+I50+I54+I62+I70+I74+I78+I94+I98+I102+I106+I110+I82+I86+I90 -> 0 | J6: =J18+J22+J26+J30+J10+J14+J38+J58+J46+J42+J66+J114+J34+J50+J54+J62+J70+J74+J78+J94+J98+J102+J106+J110+J82+J86+J90 -> 0 | ... AK6: =AK18+AK22+AK26+AK30+AK10+AK14+AK38+AK58+AK46+AK42+AK66+AK114+AK34+AK50+AK54+AK62+AK70+AK74+AK78+AK94+AK98+AK102+AK106+AK110+AK82+AK86+AK90 -> 0
A7: Coleta Convencional (Manual, Mecanizada e Pequeno Porte
A8: Quilometragem
A9: Consumo
A10: Custo anual com combustível
A11: Coleta Domiciliar - Caminhão lavador
A12: Quilometragem
A13: Consumo
A14: Custo anual com combustível
A15: Coleta Seletiva (Manual e Mecanizada)
A16: Quilometragem
A17: Consumo
A18: Custo anual com combustível
... A133: Custo total

Sheet 10 - Rodagem
A1: PREFEITURA MUNICIPAL DE JARAGUÁ DO SUL
A2: ESTUDO DE VIABILIDADE ECONÔMICA PARA A CONCESSÃO DOS SERVIÇOS DE LIMPEZA PÚBLICA E MANEJO DE RESÍDUOS SÓLIDOS
A3: EVOLUÇÃO DE CUSTOS OPERACIONAIS COM RODAGEM
B5: Total | C5: Ano 01 | D5: Ano 02 | E5: Ano 03 | F5: Ano 04 | G5: Ano 05 | H5: Ano 06 | I5: Ano 07 | J5: Ano 08 | K5: Ano 09 | L5: Ano 10 | M5: Ano 11 | N5: Ano 12 | O5: Ano 13 | P5: Ano 14 | Q5: Ano 15 | R5: Ano 16 | S5: Ano 17 | T5: Ano 18 | U5: Ano 19 | V5: Ano 20 | W5: Ano 21 | X5: Ano 22 | Y5: Ano 23 | Z5: Ano 24 | AA5: Ano 25 | AB5: Ano 26 | AC5: Ano 27 | AD5: Ano 28 | AE5: Ano 29 | AF5: Ano 30 | AG5: Ano 31 | AH5: Ano 32 | AI5: Ano 33 | AJ5: Ano 34 | AK5: Ano 35
A6: Rodagem (pneus e consertos) | B6: =SUM(C6:AK6) -> 0 | C6: =(C10+C30+C34+C38+C14+C18+C22+C46+C58+C54+C50+C66+C94+C26+C42+C62+C70+C74+C78+C86+C90+C82) -> 0 | D6: =(D10+D30+D34+D38+D14+D18+D22+D46+D58+D54+D50+D66+D94+D26+D42+D62+D70+D74+D78+D86+D90+D82) -> 0 | E6: =(E10+E30+E34+E38+E14+E18+E22+E46+E58+E54+E50+E66+E94+E26+E42+E62+E70+E74+E78+E86+E90+E82) -> 0 | F6: =(F10+F30+F34+F38+F14+F18+F22+F46+F58+F54+F50+F66+F94+F26+F42+F62+F70+F74+F78+F86+F90+F82) -> 0 | G6: =(G10+G30+G34+G38+G14+G18+G22+G46+G58+G54+G50+G66+G94+G26+G42+G62+G70+G74+G78+G86+G90+G82) -> 0 | H6: =(H10+H30+H34+H38+H14+H18+H22+H46+H58+H54+H50+H66+H94+H26+H42+H62+H70+H74+H78+H86+H90+H82) -> 0 | I6: =(I10+I30+I34+I38+I14+I18+I22+I46+I58+I54+I50+I66+I94+I26+I42+I62+I70+I74+I78+I86+I90+I82) -> 0 | J6: =(J10+J30+J34+J38+J14+J18+J22+J46+J58+J54+J50+J66+J94+J26+J42+J62+J70+J74+J78+J86+J90+J82) -> 0 | ... AK6: =(AK10+AK30+AK34+AK38+AK14+AK18+AK22+AK46+AK58+AK54+AK50+AK66+AK94+AK26+AK42+AK62+AK70+AK74+AK78+AK86+AK90+AK82) -> 0
A7: Coleta Convencional (Manual e Pequeno Porte)
A8: Quilometragem da Frota Operacional
A9: Número de trocas de rodagem por ano
A10: Custo anual de rodagem
A11: Coleta Convencional Mecanizada
A12: Quilometragem da Frota Operacional
A13: Número de trocas de rodagem por ano
A14: Custo anual de rodagem
A15: Caminhão lavador - Mecanizada
A16: Quilometragem da Frota Operacional
A17: Número de trocas de rodagem por ano
A18: Custo anual de rodagem
... A94: Custo anual de rodagem

Sheet 11 - Manutenção
A1: PREFEITURA MUNICIPAL DE JARAGUÁ DO SUL
A2: ESTUDO DE VIABILIDADE ECONÔMICA PARA A CONCESSÃO DOS SERVIÇOS DE LIMPEZA PÚBLICA E MANEJO DE RESÍDUOS SÓLIDOS
A3: MANUTENÇÃO DE VEÍCULOS E EQUIPAMENTOS
B5: Total (R$) | C5: Ano 01 | D5: Ano 02 | E5: Ano 03 | F5: Ano 04 | G5: Ano 05 | H5: Ano 06 | I5: Ano 07 | J5: Ano 08 | K5: Ano 09 | L5: Ano 10 | M5: Ano 11 | N5: Ano 12 | O5: Ano 13 | P5: Ano 14 | Q5: Ano 15 | R5: Ano 16 | S5: Ano 17 | T5: Ano 18 | U5: Ano 19 | V5: Ano 20 | W5: Ano 21 | X5: Ano 22 | Y5: Ano 23 | Z5: Ano 24 | AA5: Ano 25 | AB5: Ano 26 | AC5: Ano 27 | AD5: Ano 28 | AE5: Ano 29 | AF5: Ano 30 | AG5: Ano 31 | AH5: Ano 32 | AI5: Ano 33 | AJ5: Ano 34 | AK5: Ano 35
A6: Custo total de manutenção (anual) | B6: =SUM(C6:AK6) -> 0 | C6: =SUM(C8:C62) -> 0 | D6: =SUM(D8:D62) -> 0 | E6: =SUM(E8:E62) -> 0 | F6: =SUM(F8:F62) -> 0 | G6: =SUM(G8:G62) -> 0 | H6: =SUM(H8:H62) -> 0 | I6: =SUM(I8:I62) -> 0 | J6: =SUM(J8:J62) -> 0 | ... AK6: =SUM(AK8:AK62) -> 0
A7: Coleta Convencional
A8: Caminhão Compactador - Coleta Convencional
A9: Caminhão Compactador de Pequeno Porte
A10: Dispositivo Coleta Mecanizada
A11: Caminhão lavador - Coleta Mecanizada
A12: Veículo Utilitário leve
A13: Motocicleta
A14: Coleta Seletiva
A15: Caminhão Compactador - Coleta Seletiva
A16: Dispositivo Coleta Mecanizada
A17: Veículo Utilitário leve
A18: Motocicleta
... A62: Lutocar

Sheet 12 - IPVA + Licenciamento
A1: PREFEITURA MUNICIPAL DE JARAGUÁ DO SUL
A2: ESTUDO DE VIABILIDADE ECONÔMICA PARA A CONCESSÃO DOS SERVIÇOS DE LIMPEZA PÚBLICA E MANEJO DE RESÍDUOS SÓLIDOS
A3: IMPOSTOS, SEGUROS E LICENCIAMENTOS DE VEÍCULOS E EQUIPAMENTOS
A5: IPVA médio (considerando depreciação dos veículos) | C5: TOTAL (R$) | D5: ANO 1 | E5: ANO 2 | F5: ANO 3 | G5: ANO 4 | H5: ANO 5 | I5: ANO 6 | J5: ANO 7 | K5: ANO 8 | L5: ANO 9 | M5: ANO 10 | N5: ANO 11 | O5: ANO 12 | P5: ANO 13 | Q5: ANO 14 | R5: ANO 15 | S5: ANO 16 | T5: ANO 17 | U5: ANO 18 | V5: ANO 19 | W5: ANO 20 | X5: ANO 21 | Y5: ANO 22 | Z5: ANO 23 | AA5: ANO 24 | AB5: ANO 25 | AC5: ANO 26 | AD5: ANO 27 | AE5: ANO 28 | AF5: ANO 29 | AG5: ANO 30 | AH5: ANO 31 | AI5: ANO 32 | AJ5: ANO 33 | AK5: ANO 34 | AL5: ANO 35
A6: VALOR DO IPVA + SEGURO + LICENCIAMENTO | B6: % | C6: =SUM(D6:AL6) -> 0 | D6: =(D7+D14+D19+D26+D38+D24+D31+D35) -> 0 | E6: =(E7+E14+E19+E26+E38+E24+E31+E35) -> 0 | F6: =(F7+F14+F19+F26+F38+F24+F31+F35) -> 0 | G6: =(G7+G14+G19+G26+G38+G24+G31+G35) -> 0 | H6: =(H7+H14+H19+H26+H38+H24+H31+H35) -> 0 | I6: =(I7+I14+I19+I26+I38+I24+I31+I35) -> 0 | J6: =(J7+J14+J19+J26+J38+J24+J31+J35) -> 0 | K6: =(K7+K14+K19+K26+K38+K24+K31+K35) -> 0 | ... AL6: =(AL7+AL14+AL19+AL26+AL38+AL24+AL31+AL35) -> 0
A7: Coleta Convencional
A8: Caminhão Compactador - Coleta (Manual e Reserva)
A9: Caminhão coletor compactador de pequeno porte
A10: Caminhão Compactador com dispositivo de coleta mecanizda
A11: Caminhão com caçamba de lavação de contentores (col. Mecanizada)
A12: Veículo Utilitário leve
A13: Motocicleta
A14: Coleta Seletiva
A15: Caminhão Compactador - Coleta Seletiva (Manual e Reserva)
A16: Caminhão Compactador com dispositivo de coleta mecanizda
A17: Veículo Utilitário leve
A18: Motocicleta
... A39: Motocicleta 125cc

Sheet 13 - Despesas diversas (ADM)
A1: PREFEITURA MUNICIPAL DE JARAGUÁ DO SUL
A2: ESTUDO DE VIABILIDADE ECONÔMICA PARA A CONCESSÃO DOS SERVIÇOS DE LIMPEZA PÚBLICA E MANEJO DE RESÍDUOS SÓLIDOS
A3: DESPESAS ADMINISTRATIVAS GERAIS
A5: CUSTOS FIXOS MENSAIS
A6: Descrição | B6: Valor mensal (R$) | C6: Valor anual (R$) | E6: Acumulado | F6: Ano 1 | G6: Ano 2 | H6: Ano 3 | I6: Ano 4 | J6: Ano 5 | K6: Ano 6 | L6: Ano 7 | M6: Ano 8 | N6: Ano 9 | O6: Ano 10 | P6: Ano 11 | Q6: Ano 12 | R6: Ano 13 | S6: Ano 14 | T6: Ano 15 | U6: Ano 16 | V6: Ano 17 | W6: Ano 18 | X6: Ano 19 | Y6: Ano 20 | Z6: Ano 21 | AA6: Ano 22 | AB6: Ano 23 | AC6: Ano 24 | AD6: Ano 25 | AE6: Ano 26 | AF6: Ano 27 | AG6: Ano 28 | AH6: Ano 29 | AI6: Ano 30 | AJ6: Ano 31 | AK6: Ano 32 | AL6: Ano 33 | AM6: Ano 34 | AN6: Ano 35
A7: 1. Sede da SPE e Coleta
A8: Aluguel
A9: Despesas com água, luz, telefone e correio
A10: Monitoramento de frota
A11: Telefone celular (gerência)
A12: Telefone celular (operacional)
A13: Material de expediente
A14: Custo de manutenção de mobília e equipamentos (10% a.a. sobre R$ 20.000,00)
A15: Custo de capital sobre mobília e equipamentos (0,97% a.m. sobre R$ 20.000,00)
A16: Vigilância
A17: Assessoria técnica em informática
A18: Assessoria jurídica
... A38: Total Global

Sheet 14 - Investimentos
A2: CRONOGRAMA DE INVESTIMENTOS | E2: 2025 | F2: 2026 | G2: 2027 | H2: 2028 | I2: 2029 | J2: 2030 | O2: =191888.178*4 -> 767552.71
A3: CRONOGRAMA DE INVESTIMENTOS | B3: Grupo | D3: Total | E3: ANO 1 | F3: ANO 2 | G3: ANO 3 | H3: ANO 4 | I3: ANO 5 | J3: ANO 6 | K3: ANO 7 | L3: ANO 8 | M3: ANO 9 | N3: ANO 10 | O3: ANO 11 | P3: ANO 12 | Q3: ANO 13 | R3: ANO 14 | S3: ANO 15 | T3: ANO 16 | U3: ANO 17 | V3: ANO 18 | W3: ANO 19 | X3: ANO 20 | Y3: ANO 21 | Z3: ANO 22 | AA3: ANO 23 | AB3: ANO 24 | AC3: ANO 25 | AD3: ANO 26 | AE3: ANO 27 | AF3: ANO 28 | AG3: ANO 29 | AH3: ANO 30 | AI3: ANO 31 | AJ3: ANO 32 | AK3: ANO 33 | AL3: ANO 34 | AM3: ANO 35
A4: INVESTIMENTO ANUAL TOTAL (R$ '000) | D4: =(D5+D15+D22+D28+D70+D36+D67+D33+D48+D58)/1000 -> 0 | E4: =(E5+E15+E22+E28+E70+E36+E67+E33+E48+E58)/1000 -> 0 | F4: =(F5+F15+F22+F28+F70+F36+F67+F33+F48+F58)/1000 -> 0 | G4: =(G5+G15+G22+G28+G70+G36+G67+G33+G48+G58)/1000 -> 0 | H4: =(H5+H15+H22+H28+H70+H36+H67+H33+H48+H58)/1000 -> 0 | I4: =(I5+I15+I22+I28+I70+I36+I67+I33+I48+I58)/1000 -> 0 | J4: =(J5+J15+J22+J28+J70+J36+J67+J33+J48+J58)/1000 -> 0 | K4: =(K5+K15+K22+K28+K70+K36+K67+K33+K48+K58)/1000 -> 0 | ... AM4: =(AM5+AM15+AM22+AM28+AM70+AM36+AM67+AM33+AM48+AM58)/1000 -> 0
A5: Coleta Convencional | C5: Divisível | D5: =SUM( $E5:$AM5 ) -> 0 | E5: =SUM(E6:E14) -> 0 | F5: =SUM(F6:F14) -> 0 | G5: =SUM(G6:G14) -> 0 | H5: =SUM(H6:H14) -> 0 | I5: =SUM(I6:I14) -> 0 | J5: =SUM(J6:J14) -> 0 | K5: =SUM(K6:K14) -> 0 | L5: =SUM(L6:L14) -> 0 | ... AM5: =SUM(AM6:AM14) -> 0
A6: Caminhão Compactador 15m³ | B6: Veículos
A7: Caminhão Compactador - reserva | B7: Veículos
A8: Caminhão Compactador de pequeno porte | B8: Veículos
A9: Caminhão Compactador de pequeno porte - reserva | B9: Veículos
A10: Dispositivo de coleta mecanizada (com reserva) | B10: Equipamentos
A11: Caminhão com caçamba de lavação de contentores (col. Mecanizada) | B11: Veículos
A12: Veículo Utilitário leve | B12: Veículos
A13: Motocicleta | B13: Veículos
A14: Contentores - 1,0m³ Para coleta mecanizada | B14: Equipamentos
A15: Coleta Seletiva | C15: Divisível
A16: Caminhão Compactador 15m³ | B16: Veículos
A17: Caminhão Compactador - Coleta Seletiva - reserva | B17: Veículos
A18: Dispositivo de coleta mecanizada (com reserva) | B18: Equipamentos
A19: Veículo Utilitário leve | B19: Veículos
A20: Motocicleta | B20: Veículos
A21: Contentores - 1,0m³ Para coleta mecanizada | B21: Equipamentos
A22: Ponto de Entrega Voluntário PEV e Ecoponto | C22: Divisível
A23: Estrutura e guarita PEV | B23: Edificações
A24: Contentores de 1,0 m° Para PEV | B24: Equipamentos
A25: Caçambas estacionárias de 6m³ Para PEV | B25: Equipamentos
A26: Ecoponto | B26: Equipamentos
A27: Contentores de 1,0 m° Para Ecoponto | B27: Equipamentos
A28: Serviços de Apoio | C28: Indivisível
A29: Veículo Utilitário leve (manutenção) | B29: Veículos
A30: Veículo de Passeio (engenharia) | B30: Veículos
A31: Veículo de Passeio (gestão comercial) | B31: Veículos
A32: Veículo de Passeio (administração da SPE) | B32: Veículos
A33: Veículos Transporte Resíduos PEV | C33: Indivisível
A34: Caminhão poliguindaste | B34: Veículos
A35: Caminhão poliguindaste (reserva) | B35: Veículos
A36: Serviços Gerais de Limpeza | C36: Indivisível
A37: Caminhão basculante | B37: Veículos
A38: Minivarredeira | B38: Equipamentos
A39: Trator capinadeira | B39: Veículos
A40: Roçadeira costal | B40: Equipamentos
A41: Roçadeira costal (reserva) | B41: Equipamentos
A42: Soprador costal | B42: Equipamentos
A43: Soprador costal (reserva) | B43: Equipamentos
A44: Cesto papeleiro | B44: Equipamentos
A45: Ônibus | B45: Veículos
A46: Van | B46: Veículos
A47: Motocicleta 125cc | B47: Veículos
A48: Roçada de áreas públicas | C48: Indivisível
A49: Caminhão basculante de 6m³ | B49: Veículos
A50: Van | B50: Veículos
A51: Motocicleta 125cc | B51: Veículos
A52: Trator giro zero | B52: Veículos
A53: Trator giro zero reserva | B53: Veículos
A54: Roçadeira costal | B54: Equipamentos
A55: Roçadeira costal reserva | B55: Equipamentos
A56: Soprador costal | B56: Equipamentos
A57: Soprador costal reserva | B57: Equipamentos
A58: Serviços de poda | C58: Indivisível
A59: Caminhão basculante de 12m³ | B59: Veículos
A60: Motocicleta 125cc | B60: Veículos
A61: Trtiturador de galhos | B61: Equipamentos
A62: Trtiturador de galhos (reserva) | B62: Equipamentos
A63: Motoserra | B63: Equipamentos
A64: Motoserra (reserva) | B64: Equipamentos
A65: Motopoda | B65: Equipamentos
A66: Motopoda (reserva) | B66: Equipamentos
A67: Varrição Manual | C67: Indivisível
A68: Motocicleta 125cc | B68: Veículos
A69: Lutocar | B69: Equipamentos
A70: Estudos e Projetos | C70: Indivisível
A71: Licenças Ambientais (Estudos Ambientais e Licenças) | B71: Estudos
A72: Projetos Ténicos | B72: Estudos
A73: Estudo de composição gravimétrica | B73: Estudos
A74: Reembolso do PMI | B74: Estudos
A76: Venda de Imobilizado | D76: =SUM( $E76:$AM76 ) -> 0 | E76: 0 | F76: 0 | G76: 0 | H76: 0 | I76: 0 | J76: =(E6+E8+E10+E11+E12+E13+E16+E19+E20+E29+E30+E31+E32+E37+E45+E47+E68+E60)*20% -> 0 | K76: =(F6+F8+F10+F11+F12+F13+F16+F19+F20+F29+F30+F31+F32+F37+F45+F47+F68)*20% -> 0 | L76: =(G6+G8+G10+G11+G12+G13+G16+G19+G20+G29+G30+G31+G32+G37+G45+G47+G68)*20% -> 0 | M76: =(H6+H8+H10+H11+H12+H13+H16+H19+H20+H29+H30+H31+H32+H37+H45+H47+H68)*20% -> 0 | N76: =(I6+I8+I10+I11+I12+I13+I16+I19+I20+I29+I30+I31+I32+I37+I45+I47+I68+I51+I60)*20% -> 0 | O76: =(J6+J8+J10+J11+J12+J13+J16+J19+J20+J29+J30+J31+J32+J37+J45+J47+J68)*20% -> 0 | P76: =(K6+K8+K10+K11+K12+K13+K16+K19+K20+K29+K30+K31+K32+K37+K45+K47+K68)*20% -> 0 | Q76: =(L6+L8+L10+L11+L12+L13+L16+L19+L20+L29+L30+L31+L32+L37+L45+L47+L68)*20% -> 0 | R76: =(M6+M8+M10+M11+M12+M13+M16+M19+M20+M29+M30+M31+M32+M37+M45+M47+M68+M60+M51)*20% -> 0 | S76: =(N6+N8+N10+N11+N12+N13+N16+N19+N20+N29+N30+N31+N32+N37+N45+N47+N68)*20% -> 0 | T76: =(O6+O8+O10+O11+O12+O13+O16+O19+O20+O29+O30+O31+O32+O37+O45+O47+O68)*20% -> 0 | U76: =(P6+P8+P10+P11+P12+P13+P16+P19+P20+P29+P30+P31+P32+P37+P45+P47+P68)*20% -> 0 | V76: =(Q6+Q8+Q10+Q11+Q12+Q13+Q16+Q19+Q20+Q29+Q30+Q31+Q32+Q37+Q45+Q47+Q68+Q51+Q60)*20% -> 0 | W76: =(R6+R8+R10+R11+R12+R13+R16+R19+R20+R29+R30+R31+R32+R37+R45+R47+R68)*20% -> 0 | X76: =(S6+S8+S10+S11+S12+S13+S16+S19+S20+S29+S30+S31+S32+S37+S45+S47+S68)*20% -> 0 | Y76: =(T6+T8+T10+T11+T12+T13+T16+T19+T20+T29+T30+T31+T32+T37+T45+T47+T68)*20% -> 0 | Z76: =(U6+U8+U10+U11+U12+U13+U16+U19+U20+U29+U30+U31+U32+U37+U45+U47+U68+U51+U60)*20% -> 0 | AA76: =(V6+V8+V10+V11+V12+V13+V16+V19+V20+V29+V30+V31+V32+V37+V45+V47+V68)*20% -> 0 | AB76: =(W6+W8+W10+W11+W12+W13+W16+W19+W20+W29+W30+W31+W32+W37+W45+W47+W68)*20% -> 0 | AC76: =(X6+X8+X10+X11+X12+X13+X16+X19+X20+X29+X30+X31+X32+X37+X45+X47+X68)*20% -> 0 | AD76: =(Y6+Y8+Y10+Y11+Y12+Y13+Y16+Y19+Y20+Y29+Y30+Y31+Y32+Y37+Y45+Y47+Y68+Y51+Y60)*20% -> 0 | AE76: =(Z6+Z8+Z10+Z11+Z12+Z13+Z16+Z19+Z20+Z29+Z30+Z31+Z32+Z37+Z45+Z47+Z68)*20% -> 0 | AF76: =(AA6+AA8+AA10+AA11+AA12+AA13+AA16+AA19+AA20+AA29+AA30+AA31+AA32+AA37+AA45+AA47+AA68)*20% -> 0 | AG76: =(AB6+AB8+AB10+AB11+AB12+AB13+AB16+AB19+AB20+AB29+AB30+AB31+AB32+AB37+AB45+AB47+AB68)*20% -> 0 | AH76: =(AC6+AC8+AC10+AC11+AC12+AC13+AC16+AC19+AC20+AC29+AC30+AC31+AC32+AC37+AC45+AC47+AC68+AC51+AC60)*20% -> 0 | AI76: =(AD6+AD8+AD10+AD11+AD12+AD13+AD16+AD19+AD20+AD29+AD30+AD31+AD32+AD37+AD45+AD47+AD68)*20% -> 0 | AJ76: =(AE6+AE8+AE10+AE11+AE12+AE13+AE16+AE19+AE20+AE29+AE30+AE31+AE32+AE37+AE45+AE47+AE68)*20% -> 0 | AK76: =(AF6+AF8+AF10+AF11+AF12+AF13+AF16+AF19+AF20+AF29+AF30+AF31+AF32+AF37+AF45+AF47+AF68)*20% -> 0 | AL76: =(AG6+AG8+AG10+AG11+AG12+AG13+AG16+AG19+AG20+AG29+AG30+AG31+AG32+AG37+AG45+AG47+AG68)*20% -> 0 | AM76: =(AH6+AH8+AH10+AH11+AH12+AH13+AH16+AH19+AH20+AH29+AH30+AH31+AH32+AH37+AH45+AH47+AH68)*20% -> 0 | AN76: =(AI6+AI8+AI10+AI11+AI12+AI13+AI16+AI19+AI20+AI29+AI30+AI31+AI32+AI37+AI45+AI47+AI68)*20% -> 0 | AO76: =(AJ6+AJ8+AJ10+AJ11+AJ12+AJ13+AJ16+AJ19+AJ20+AJ29+AJ30+AJ31+AJ32+AJ37+AJ45+AJ47+AJ68)*20% -> 0 | AP76: =(AK6+AK8+AK10+AK11+AK12+AK13+AK16+AK19+AK20+AK29+AK30+AK31+AK32+AK37+AK45+AK47+AK68)*20% -> 0 | ... AR76: =(AM6+AM8+AM10+AM11+AM12+AM13+AM16+AM19+AM20+AM29+AM30+AM31+AM32+AM37+AM45+AM47+AM68)*20% -> 0
A79: Investimento em Obras e equipamentos
A80: * Não está prevista a triagem dos resíduos da coleta seletiva, cujos materiais são destinados às cooperativas locais
A82: ** Investimento previsto para a modernização dos equipamentos, considerando novas tecnologias que poderão estar disponíveis
D87: ANO 2 | E87: ANO 3 | F87: ANO 4 | G87: ANO 5 | H87: ANO 6 | I87: ANO 7 | J87: ANO 8 | K87: ANO 9 | L87: ANO 10 | M87: ANO 11 | N87: ANO 12 | O87: ANO 13 | P87: ANO 14 | Q87: ANO 15 | R87: ANO 16 | S87: ANO 17 | T87: ANO 18 | U87: ANO 19 | V87: ANO 20 | W87: ANO 21 | X87: ANO 22 | Y87: ANO 23 | Z87: ANO 24 | AA87: ANO 25 | AB87: ANO 26 | AC87: ANO 27 | AD87: ANO 28 | AE87: ANO 29 | AF87: ANO 30 | AG87: ANO 31 | AH87: ANO 32 | AI87: ANO 33 | AJ87: ANO 34 | AK87: ANO 35
C88: Divisível | D88: =SUMIF($C$5:$C$72,$C$88,F5:F72)/1000 -> 0 | E88: =SUMIF($C$5:$C$72,$C$88,G5:G72)/1000 -> 0 | F88: =SUMIF($C$5:$C$72,$C$88,H5:H72)/1000 -> 0 | G88: =SUMIF($C$5:$C$72,$C$88,I5:I72)/1000 -> 0 | H88: =SUMIF($C$5:$C$72,$C$88,J5:J72)/1000 -> 0 | I88: =SUMIF($C$5:$C$72,$C$88,K5:K72)/1000 -> 0 | J88: =SUMIF($C$5:$C$72,$C$88,L5:L72)/1000 -> 0 | K88: =SUMIF($C$5:$C$72,$C$88,M5:M72)/1000 -> 0 | ... AK88: =SUMIF($C$5:$C$72,$C$88,AM5:AM72)/1000 -> 0
C89: Indivisível | D89: =SUMIF($C$5:$C$72,$C$89,F5:F72)/1000 -> 0 | E89: =SUMIF($C$5:$C$72,$C$89,G5:G72)/1000 -> 0 | F89: =SUMIF($C$5:$C$72,$C$89,H5:H72)/1000 -> 0 | G89: =SUMIF($C$5:$C$72,$C$89,I5:I72)/1000 -> 0 | H89: =SUMIF($C$5:$C$72,$C$89,J5:J72)/1000 -> 0 | I89: =SUMIF($C$5:$C$72,$C$89,K5:K72)/1000 -> 0 | J89: =SUMIF($C$5:$C$72,$C$89,L5:L72)/1000 -> 0 | K89: =SUMIF($C$5:$C$72,$C$89,M5:M72)/1000 -> 0 | ... AK89: =SUMIF($C$5:$C$72,$C$89,AM5:AM72)/1000 -> 0

Sheet 14.1 - Resumo 
A1: RESUMO CAPEX | B1: VALOR (R$)
A2: ='14 - Investimentos'!A5 -> Coleta Convencional
A3: ='14 - Investimentos'!A15 -> Coleta Seletiva
A4: ='14 - Investimentos'!A22 -> Ponto de Entrega Voluntário PEV e Ecoponto
A5: ='14 - Investimentos'!A28 -> Serviços de Apoio
A6: Veículos Transporte Resíduos PEV
A7: ='14 - Investimentos'!A36 -> Serviços Gerais de Limpeza
A8: ='14 - Investimentos'!A48 -> Roçada de áreas públicas
A9: ='14 - Investimentos'!A58 -> Serviços de poda
A10: ='14 - Investimentos'!A67 -> Varrição Manual
A11: ='14 - Investimentos'!A70 -> Estudos e Projetos
A12: Total de Investimento | B12: =SUM(B2:B11) -> 0
A14: RESUMO OPEX | B14: VALOR (R$)
A15: Pessoal e EPIs
A16: Veículos e equipamentos
A17: Insumos para limpeza urbana
A18: ='17 - Custos'!B22 -> Embalagem plástica para coleta seletiva de materiais recicláveis
A19: Transbordo, transporte, tratamento e disposição final
A20: Composteira doméstica
A21: ='17 - Custos'!B20 -> Despesas administrativas gerais
A22: ='17 - Custos'!B21 -> Custos de Regulação
A23: ='17 - Custos'!B23 -> Relação com usuário e cobrança
A24: ='17 - Custos'!B24 -> Total de Despesas Operacionais e Administrativas | B24: =SUM(B15:B23) -> 0

Sheet 15 - Depreciação
A1: Grupo | B1: Residual
A2: Veículos
A4: Ano | B4: Depreciação | C4: Capex | D4: Residual | E4: 1 | F4: 2 | G4: 3 | H4: 4 | I4: 5 | J4: 6 | K4: 7 | L4: 8 | M4: 9 | N4: 10 | O4: 11 | P4: 12 | Q4: 13 | R4: 14 | S4: 15 | T4: 16 | U4: 17 | V4: 18 | W4: 19 | X4: 20 | Y4: 21 | Z4: 22 | AA4: 23 | AB4: 24 | AC4: 25 | AD4: 26 | AE4: 27 | AF4: 28 | AG4: 29 | AH4: 30
A5: 1
A6: 2
A7: 3
A8: 4
A9: 5
A10: 6
A11: 7
A12: 8
A13: 9
A14: 10
A15: 11
A16: 12
... A34: 30
A35: Total | C35: =SUM(C5:C34) -> 0 | E35: =SUM(E5:E34) -> 0 | F35: =SUM(F5:F34) -> 0 | G35: =SUM(G5:G34) -> 0 | H35: =SUM(H5:H34) -> 0 | I35: =SUM(I5:I34) -> 0 | J35: =SUM(J5:J34) -> 0 | K35: =SUM(K5:K34) -> 0 | L35: =SUM(L5:L34) -> 0 | ... AH35: =SUM(AH5:AH34) -> 0
A37: Grupo | B37: Residual
A38: Equipamentos
A40: Ano | B40: Depreciação | C40: Capex | D40: Residual | E40: 1 | F40: 2 | G40: 3 | H40: 4 | I40: 5 | J40: 6 | K40: 7 | L40: 8 | M40: 9 | N40: 10 | O40: 11 | P40: 12 | Q40: 13 | R40: 14 | S40: 15 | T40: 16 | U40: 17 | V40: 18 | W40: 19 | X40: 20 | Y40: 21 | Z40: 22 | AA40: 23 | AB40: 24 | AC40: 25 | AD40: 26 | AE40: 27 | AF40: 28 | AG40: 29 | AH40: 30
A41: 1
A42: 2
A43: 3
A44: 4
A45: 5
A46: 6
A47: 7
A48: 8
A49: 9
A50: 10
A51: 11
A52: 12
... A70: 30
A71: Total | C71: =SUM(C41:C70) -> 0 | E71: =SUM(E41:E70) -> 0 | F71: =SUM(F41:F70) -> 0 | G71: =SUM(G41:G70) -> 0 | H71: =SUM(H41:H70) -> 0 | I71: =SUM(I41:I70) -> 0 | J71: =SUM(J41:J70) -> 0 | K71: =SUM(K41:K70) -> 0 | L71: =SUM(L41:L70) -> 0 | ... AH71: =SUM(AH41:AH70) -> 0
A73: Grupo | B73: Residual
A74: Edificações
A76: Ano | B76: Depreciação | C76: Capex | D76: Residual | E76: 1 | F76: 2 | G76: 3 | H76: 4 | I76: 5 | J76: 6 | K76: 7 | L76: 8 | M76: 9 | N76: 10 | O76: 11 | P76: 12 | Q76: 13 | R76: 14 | S76: 15 | T76: 16 | U76: 17 | V76: 18 | W76: 19 | X76: 20 | Y76: 21 | Z76: 22 | AA76: 23 | AB76: 24 | AC76: 25 | AD76: 26 | AE76: 27 | AF76: 28 | AG76: 29 | AH76: 30
A77: 1
A78: 2
A79: 3
A80: 4
A81: 5
A82: 6
A83: 7
A84: 8
A85: 9
A86: 10
A87: 11
A88: 12
... A106: 30
A107: Total | C107: =SUM(C77:C106) -> 0 | E107: =SUM(E77:E106) -> 0 | F107: =SUM(F77:F106) -> 0 | G107: =SUM(G77:G106) -> 0 | H107: =SUM(H77:H106) -> 0 | I107: =SUM(I77:I106) -> 0 | J107: =SUM(J77:J106) -> 0 | K107: =SUM(K77:K106) -> 0 | L107: =SUM(L77:L106) -> 0 | ... AH107: =SUM(AH77:AH106) -> 0
A109: Grupo | B109: Residual
A110: Estudos
A112: Ano | B112: Depreciação | C112: Capex | D112: Residual | E112: 1 | F112: 2 | G112: 3 | H112: 4 | I112: 5 | J112: 6 | K112: 7 | L112: 8 | M112: 9 | N112: 10 | O112: 11 | P112: 12 | Q112: 13 | R112: 14 | S112: 15 | T112: 16 | U112: 17 | V112: 18 | W112: 19 | X112: 20 | Y112: 21 | Z112: 22 | AA112: 23 | AB112: 24 | AC112: 25 | AD112: 26 | AE112: 27 | AF112: 28 | AG112: 29 | AH112: 30
A113: 1
A114: 2
A115: 3
A116: 4
A117: 5
A118: 6
A119: 7
A120: 8
A121: 9
A122: 10
A123: 11
A124: 12
... A142: 30
A143: Total | C143: =SUM(C113:C142) -> 0 | E143: =SUM(E113:E142) -> 0 | F143: =SUM(F113:F142) -> 0 | G143: =SUM(G113:G142) -> 0 | H143: =SUM(H113:H142) -> 0 | I143: =SUM(I113:I142) -> 0 | J143: =SUM(J113:J142) -> 0 | K143: =SUM(K113:K142) -> 0 | L143: =SUM(L113:L142) -> 0 | ... AH143: =SUM(AH113:AH142) -> 0
A145: Grupo
A146: Veículos
A148: Descrição | E148: 1 | F148: 2 | G148: 3 | H148: 4 | I148: 5 | J148: 6 | K148: 7 | L148: 8 | M148: 9 | N148: 10 | O148: 11 | P148: 12 | Q148: 13 | R148: 14 | S148: 15 | T148: 16 | U148: 17 | V148: 18 | W148: 19 | X148: 20 | Y148: 21 | Z148: 22 | AA148: 23 | AB148: 24 | AC148: 25 | AD148: 26 | AE148: 27 | AF148: 28 | AG148: 29 | AH148: 30
A149: Saldo Inicial
A150: Adições
A151: Baixas
A152: Depreciações
A153: Saldo Final | D153: =SUM(D150:D152) -> 0 | E153: =SUM(E149:E152) -> 0 | F153: =SUM(F149:F152) -> 0 | G153: =SUM(G149:G152) -> 0 | H153: =SUM(H149:H152) -> 0 | I153: =SUM(I149:I152) -> 0 | J153: =SUM(J149:J152) -> 0 | K153: =SUM(K149:K152) -> 0 | L153: =SUM(L149:L152) -> 0 | ... AH153: =SUM(AH149:AH152) -> 0
A155: Grupo
A156: Equipamentos
A158: Descrição | E158: 1 | F158: 2 | G158: 3 | H158: 4 | I158: 5 | J158: 6 | K158: 7 | L158: 8 | M158: 9 | N158: 10 | O158: 11 | P158: 12 | Q158: 13 | R158: 14 | S158: 15 | T158: 16 | U158: 17 | V158: 18 | W158: 19 | X158: 20 | Y158: 21 | Z158: 22 | AA158: 23 | AB158: 24 | AC158: 25 | AD158: 26 | AE158: 27 | AF158: 28 | AG158: 29 | AH158: 30
A159: Saldo Inicial
A160: Adições
A161: Baixas
A162: Depreciações
A163: Saldo Final | D163: =SUM(D160:D162) -> 0 | E163: =SUM(E159:E162) -> 0 | F163: =SUM(F159:F162) -> 0 | G163: =SUM(G159:G162) -> 0 | H163: =SUM(H159:H162) -> 0 | I163: =SUM(I159:I162) -> 0 | J163: =SUM(J159:J162) -> 0 | K163: =SUM(K159:K162) -> 0 | L163: =SUM(L159:L162) -> 0 | ... AH163: =SUM(AH159:AH162) -> 0
A165: Grupo
A166: Edificações
A168: Descrição | E168: 1 | F168: 2 | G168: 3 | H168: 4 | I168: 5 | J168: 6 | K168: 7 | L168: 8 | M168: 9 | N168: 10 | O168: 11 | P168: 12 | Q168: 13 | R168: 14 | S168: 15 | T168: 16 | U168: 17 | V168: 18 | W168: 19 | X168: 20 | Y168: 21 | Z168: 22 | AA168: 23 | AB168: 24 | AC168: 25 | AD168: 26 | AE168: 27 | AF168: 28 | AG168: 29 | AH168: 30
A169: Saldo Inicial
A170: Adições
A171: Baixas
A172: Depreciações
A173: Saldo Final | D173: =SUM(D170:D172) -> 0 | E173: =SUM(E169:E172) -> 0 | F173: =SUM(F169:F172) -> 0 | G173: =SUM(G169:G172) -> 0 | H173: =SUM(H169:H172) -> 0 | I173: =SUM(I169:I172) -> 0 | J173: =SUM(J169:J172) -> 0 | K173: =SUM(K169:K172) -> 0 | L173: =SUM(L169:L172) -> 0 | ... AH173: =SUM(AH169:AH172) -> 0
A175: Grupo
A176: Estudos
A178: Descrição | E178: 1 | F178: 2 | G178: 3 | H178: 4 | I178: 5 | J178: 6 | K178: 7 | L178: 8 | M178: 9 | N178: 10 | O178: 11 | P178: 12 | Q178: 13 | R178: 14 | S178: 15 | T178: 16 | U178: 17 | V178: 18 | W178: 19 | X178: 20 | Y178: 21 | Z178: 22 | AA178: 23 | AB178: 24 | AC178: 25 | AD178: 26 | AE178: 27 | AF178: 28 | AG178: 29 | AH178: 30
A179: Saldo Inicial
A180: Adições
A181: Baixas
A182: Depreciações
A183: Saldo Final | D183: =SUM(D180:D182) -> 0 | E183: =SUM(E179:E182) -> 0 | F183: =SUM(F179:F182) -> 0 | G183: =SUM(G179:G182) -> 0 | H183: =SUM(H179:H182) -> 0 | I183: =SUM(I179:I182) -> 0 | J183: =SUM(J179:J182) -> 0 | K183: =SUM(K179:K182) -> 0 | L183: =SUM(L179:L182) -> 0 | ... AH183: =SUM(AH179:AH182) -> 0
...

Sheet 16 - RU
A2: PLANILHA DE COMPOSIÇÃO DE CUSTOS FIXOS DA RELAÇÃO COM USUÁRIO | H2: PLANILHA DE COMPOSIÇÃO DE CUSTOS VARIÁVEIS DA RELAÇÃO COM USUÁRIO
A3: ITEM | B3: DESCRIÇÃO | C3: UNID. | D3: QUANTIDADE | E3: CUSTO UNITÁRIO (R$) | F3: CUSTO TOTAL (R$) | H3: ITEM | I3: DESCRIÇÃO | J3: UNID. | K3: QUANTIDADE | L3: CUSTO UNITÁRIO (R$) | M3: CUSTO TOTAL (R$)
A4: 1 - PESSOAL SEM ENCARGOS | H4: 1 - COBRANÇAS E IMPRESSOS
A5: 1.0 | B5: Equipe | H5: 1.1 | I5: Pagamentos em parcela única via boleto | J5: usuários/mês
A6: 1.1 | B6: Gerente de relação com usuário | C6: funcionários | H6: 1.2 | I6: Pagamentos em parcelas mensais via boleto | J6: usuários/mês
A7: 1.2 | B7: Auxiliar jurídico | C7: funcionários | H7: 1.3 | I7: Pagamentos via débito automático em conta | J7: usuários/mês
A8: 1.3 | B8: Auxiliar de CPD | C8: funcionários | H8: 1.4 | I8: Baixa de boletos registrados e não liquidados | J8: usuários/mês
A9: 1.4 | B9: Auxiliar de atendimento presencial e telefônico | C9: funcionários | H9: 1.5 | I9: Pagamentos via cartão de débito/crédito tarifa de liquidação | J9: usuários/mês
A10: SUB-TOTAL ITEM 1 | F10: =SUM(F6:F9) -> 0 | H10: 1.6 | I10: Negativação de inadimplentes na Serasa (envio de carta + registro no cadastro) | J10: usuários/mês
A11: 2 - ENCARGOS SOCIAIS | H11: 1.7 | I11: Carnê para cobrança da tarifa (1 por usuário) | J11: usuários/mês
A12: 2.1 | B12: Taxa sobre o Sub-Total do Item 1 | H12: 1.8 | I12: Entrega via correio do carnê | J12: usuários/mês
A13: SUB-TOTAL ITEM 2 | F13: =F12 -> 0 | H13: 1.9 | I13: Notificação de débito por SMS | J13: usuários/mês
A14: 3 - BENEFÍCIOS | H14: 1.10 | I14: Higienização e enriquecimento do cadastro | J14: usuários/mês
A15: 3.1 | B15: Gerente de relação com usuário | C15: funcionários | H15: 1.11 | I15: Cartas de Notificação aos usuários (impressão e entrega) | J15: usuários/mês
A16: 3.2 | B16: Auxiliar jurídico | C16: funcionários | H16: SUB-TOTAL ITEM 1 | M16: =SUM(M5:M15) -> 0
A17: 3.3 | B17: Auxiliar de CPD | C17: funcionários | H17: 2 - FLYER DE CONSCIENTIZAÇÃO
A18: 3.4 | B18: Auxiliar de atendimento presencial e telefônico | C18: funcionários | H18: 2.1 | I18: Impressão flyer
A19: SUB-TOTAL ITEM 3 | F19: =SUM(F15:F18) -> 0 | H19: SUB-TOTAL ITEM 2
A20: 4 - EPIs E UNIFORMES | H20: VALOR TOTAL POR USUÁRIO
A21: 4.1 | B21: Gerente de relação com usuário | C21: funcionários
A22: 4.2 | B22: Auxiliar jurídico | C22: funcionários | L22: MENSAL POR USUÁRIO | M22: =M20 -> 0
A23: 4.3 | B23: Auxiliar de CPD | C23: funcionários
A24: 4.4. | B24: Auxiliar de atendimento presencial e telefônico | C24: funcionários | L24: ANUAL POR USUÁRIO | M24: =M22*12 -> 0
A25: SUB-TOTAL ITEM 4 | F25: =SUM(F21:F24) -> 0
A26: 5 - SISTEMAS
A27: 5.1 | B27: Sistema para recebimentos por cartões de crédito/débito (habilitação/CNPJ) | C27: mensalidade
A28: 5.2 | B28: Sistema para recebimentos por cartões de crédito/débito (pontos adicionais de atendimento) | C28: mensalidade
A29: 5.3 | B29: Sistema de gestão de fila de atendimento presencial | C29: mensalidade
A30: 5.4 | B30: Sistema de gestão de concessão | C30: mensalidade
A31: 5.5 | B31: Sistema de gestão jurídico | C31: mensalidade
A32: 5.6 | B32: Sistema de atendimento por chat/whatsapp | C32: mensalidade
A33: SUB-TOTAL ITEM 5 | F33: =SUM(F27:F32) -> 0
A34: 6 - SISTEMA, MOBÍLIA E EQUIPAMENTOS - DEPRECIAÇÃO
A35: 6.1 | B35: Servidor de rede local | C35: unid./mês | D35: 1
A36: 6.2 | B36: Notebook | C36: unid./mês | D36: =SUM(D6:D9) -> 0
A37: 6.3 | B37: Mobiliário e utensílios | C37: unid./mês | D37: 1
A38: 6.4 | B38: Terminal emissor de senhas | C38: unid./mês | D38: 1
A39: 6.5 | B39: Sistema de gestão de concessão | C39: unid./mês | D39: 1
A40: 6.6 | B40: Sistema de gestão jurídico | C40: unid./mês | D40: 1
A41: SUB-TOTAL ITEM 6 | F41: =SUM(F35:F40) -> 0
A42: 7 - MOBÍLIA E EQUIPAMENTOS - MANUTENÇÃO
A43: 7.1 | B43: Custo de manutenção de mobília e equipamentos (10% a.a.)
A44: SUB-TOTAL ITEM 7 | F44: =SUM(F43:F43) -> 0
A45: 8 - MOBÍLIA E EQUIPAMENTOS - CUSTO DE CAPITAL
A46: 8.1 | B46: Custo de capital sobre mobília e equipamentos (0,97% a.m.)
A47: SUB-TOTAL ITEM 8 | F47: =SUM(F46:F46) -> 0
A48: VALOR TOTAL | F48: =ROUND(F10++F13+F19+F25+F33+F41+F44+F47,0) -> 0
E50: MENSAL | F50: =F48 -> 0
E52: ANUAL | F52: =F50*12 -> 0

Sheet 17 - Custos
A1: PREFEITURA MUNICIPAL DE JARAGUÁ DO SUL
A2: ESTUDO DE VIABILIDADE ECONÔMICA PARA A CONCESSÃO DOS SERVIÇOS DE LIMPEZA PÚBLICA E MANEJO DE RESÍDUOS SÓLIDOS
A3: COMPOSIÇÃO DO CUSTEIO
A6: ITEM | B6: TOTAL DE DESPESAS OPERACIONAIS E ADMINISTRATIVAS | C6: TOTAL | E6: ANO | F6: Ano 01 | G6: Ano 02 | H6: Ano 03 | I6: Ano 04 | J6: Ano 05 | K6: Ano 06 | L6: Ano 07 | M6: Ano 08 | N6: Ano 09 | O6: Ano 10 | P6: Ano 11 | Q6: Ano 12 | R6: Ano 13 | S6: Ano 14 | T6: Ano 15 | U6: Ano 16 | V6: Ano 17 | W6: Ano 18 | X6: Ano 19 | Y6: Ano 20 | Z6: Ano 21 | AA6: Ano 22 | AB6: Ano 23 | AC6: Ano 24 | AD6: Ano 25 | AE6: Ano 26 | AF6: Ano 27 | AG6: Ano 28 | AH6: Ano 29 | AI6: Ano 30 | AJ6: Ano 31 | AK6: Ano 32 | AL6: Ano 33 | AM6: Ano 34 | AN6: Ano 35
C7: R$ | D7: % | E7: R$'000 / ano | F7: =SUM(F8:F23)/1000 -> 0 | G7: =SUM(G8:G23)/1000 -> 0 | H7: =SUM(H8:H23)/1000 -> 0 | I7: =SUM(I8:I23)/1000 -> 0 | J7: =SUM(J8:J23)/1000 -> 0 | K7: =SUM(K8:K23)/1000 -> 0 | L7: =SUM(L8:L23)/1000 -> 0 | M7: =SUM(M8:M23)/1000 -> 0 | ... AN7: =SUM(AN8:AN23)/1000 -> 0
A8: 1 | B8: Pessoal | E8: R$/ano
A9: 2 | B9: Combustível, óleos e graxas e lavação | E9: R$/ano
A10: 3 | B10: Rodagem | E10: R$/ano
A11: 4 | B11: Manutenção | E11: R$/ano
A12: 5 | B12: Transbordo, transporte, tratamento e disposição final | E12: R$/ano
A13: 6 | B13: IPVA e licenciamento dos veículos | E13: R$/ano
A14: 7 | B14: Uniformes e EPIs | E14: R$/ano
A15: 9 | B15: Caminhão cesto aéreo duplo 12 ou 14m | E15: R$/ano
A16: 10 | B16: Insumos para varrição manual | E16: R$/ano
A17: 11 | B17: Insumos para serviços gerais de limpeza | E17: R$/ano
A18: 12 | B18: Composteiras domésticas | E18: R$/ano
A19: 13 | B19: Sacos (60 litros) cestos papeleiros | E19: R$/ano
... A23: 17 | B23: Relação com usuário e cobrança | E23: R$/ano
B24: Total de Despesas Operacionais e Administrativas | C24: =SUM(C8:C23) -> 0 | D24: =SUM(D8:D23) -> 0

Sheet 18 - Tarifa - RSU
A1: PREFEITURA MUNICIPAL DE JARAGUÁ DO SUL
A2: ESTUDO DE VIABILIDADE ECONÔMICA PARA A CONCESSÃO DOS SERVIÇOS DE LIMPEZA PÚBLICA E MANEJO DE RESÍDUOS SÓLIDOS
A3: ESTRUTURA TARIFÁRIA E FATURAMENTO
C6: 2024 | D6: 2025
A7: ITEM | B7: Número de Integrantes por Categoria | C7: Ano 0 | D7: Ano 01 | E7: Ano 02 | F7: Ano 03 | G7: Ano 04 | H7: Ano 05 | I7: Ano 06 | J7: Ano 07 | K7: Ano 08 | L7: Ano 09 | M7: Ano 10 | N7: Ano 11 | O7: Ano 12 | P7: Ano 13 | Q7: Ano 14 | R7: Ano 15 | S7: Ano 16 | T7: Ano 17 | U7: Ano 18 | V7: Ano 19 | W7: Ano 20 | X7: Ano 21 | Y7: Ano 22 | Z7: Ano 23 | AA7: Ano 24 | AB7: Ano 25 | AC7: Ano 26 | AD7: Ano 27 | AE7: Ano 28 | AF7: Ano 29 | AG7: Ano 30 | AH7: Ano 31 | AI7: Ano 32 | AJ7: Ano 33 | AK7: Ano 34 | AL7: Ano 35
C8: Dado de partida | D8: 1.027679 | E8: 1.0154954 | F8: 1.015259 | G8: 1.0150162 | H8: 1.0148073 | I8: 1.0145912 | J8: 1.0107186 | K8: 1.0106049 | L8: 1.0104936 | M8: 1.0103846 | N8: 1.0102779 | O8: 1.0072946 | P8: 1.0072417 | Q8: 1.0071897 | R8: 1.0071383 | S8: 1.0070877 | T8: 1.0040956 | U8: 1.0040789 | V8: 1.004074 | W8: 1.0040459 | X8: 1.0040296 | Y8: 1.0014531 | Z8: 1.001451 | AA8: 1.0014489 | AB8: 1.0014468 | AC8: 1.0014333 | AD8: 0.99901533 | AE8: 0.99901436 | AF8: 0.99901339 | AG8: 0.99900093 | AH8: 0.99901143 | AI8: 0.9962374 | AJ8: 0.99622319 | AK8: 0.99619728 | AL8: 0.9961944 | AN8: Crescimento conforme campanário
B9: Total de Usuários | C9: 81488 | D9: =C9*D8 -> 83743.502 | E9: =E8*D9 -> 85041.141 | F9: =F8*E9 -> 86338.78 | G9: =G8*F9 -> 87635.259 | H9: =H8*G9 -> 88932.898 | I9: =I8*H9 -> 90230.536 | J9: =J8*I9 -> 91197.677 | K9: =K8*J9 -> 92164.818 | L9: =L8*K9 -> 93131.959 | ... AL9: =AL8*AK9 -> 99264.143 | AN9: Distribuição conforme GIS
A10: 6.1 | B10: Residencial (6 x semana) | C10: =C$9*$AN10 -> 6506.5556 | D10: =D$9*$AN10 -> 6686.6502 | E10: =E$9*$AN10 -> 6790.2625 | F10: =F$9*$AN10 -> 6893.8748 | G10: =G$9*$AN10 -> 6997.3945 | H10: =H$9*$AN10 -> 7101.0068 | I10: =I$9*$AN10 -> 7204.6191 | J10: =J$9*$AN10 -> 7281.8422 | ... AL10: =AL$9*$AN10 -> 7925.9236 | AN10: 0.079846794
A11: 6.2 | B11: Residencial (3 x semana) | C11: =C$9*$AN11 -> 65805.062 | D11: =D$9*$AN11 -> 67626.477 | E11: =E$9*$AN11 -> 68674.376 | F11: =F$9*$AN11 -> 69722.275 | G11: =G$9*$AN11 -> 70769.237 | H11: =H$9*$AN11 -> 71817.136 | I11: =I$9*$AN11 -> 72865.035 | J11: =J$9*$AN11 -> 73646.043 | ... AL11: =AL$9*$AN11 -> 80160.061 | AN11: =80.7886971645204%-AN20 -> 0.80754297
A12: 6.3 | B12: Residencial (1 a 2x semana) - Rural | C12: =C$9*$AN12 -> 1933.1763 | D12: =D$9*$AN12 -> 1986.6846 | E12: =E$9*$AN12 -> 2017.4691 | F12: =F$9*$AN12 -> 2048.2535 | G12: =G$9*$AN12 -> 2079.0105 | H12: =H$9*$AN12 -> 2109.795 | I12: =I$9*$AN12 -> 2140.5794 | J12: =J$9*$AN12 -> 2163.5233 | ... AL12: =AL$9*$AN12 -> 2354.8877 | AN12: 0.023723448
A13: 6.4 | B13: Comercial (6 x semana) | C13: =C$9*$AN13 -> 2165.6671 | D13: =D$9*$AN13 -> 2225.6104 | E13: =E$9*$AN13 -> 2260.0972 | F13: =F$9*$AN13 -> 2294.5839 | G13: =G$9*$AN13 -> 2329.0398 | H13: =H$9*$AN13 -> 2363.5265 | I13: =I$9*$AN13 -> 2398.0132 | J13: =J$9*$AN13 -> 2423.7164 | ... AL13: =AL$9*$AN13 -> 2638.095 | AN13: 0.026576515
A14: 6.5 | B14: Comercial (3 x semana) | C14: =C$9*$AN14 -> 4832.9408 | D14: =D$9*$AN14 -> 4966.7115 | E14: =E$9*$AN14 -> 5043.6727 | F14: =F$9*$AN14 -> 5120.6339 | G14: =G$9*$AN14 -> 5197.5263 | H14: =H$9*$AN14 -> 5274.4874 | I14: =I$9*$AN14 -> 5351.4486 | J14: =J$9*$AN14 -> 5408.8084 | ... AL14: =AL$9*$AN14 -> 5887.2193 | AN14: 0.05930862
A15: 6.6 | B15: Comercial (1 a 2x semana) - Rural | C15: =C$9*$AN15 -> 62.103687 | D15: =D$9*$AN15 -> 63.822653 | E15: =E$9*$AN15 -> 64.81161 | F15: =F$9*$AN15 -> 65.800567 | G15: =G$9*$AN15 -> 66.78864 | H15: =H$9*$AN15 -> 67.777598 | I15: =I$9*$AN15 -> 68.766555 | J15: =J$9*$AN15 -> 69.503633 | ... AL15: =AL$9*$AN15 -> 75.651253 | AN15: 0.00076212065
A16: 6.7 | B16: Público (6 x semana) | C16: =C$9*$AN16 -> 12.739218 | D16: =D$9*$AN16 -> 13.091826 | E16: =E$9*$AN16 -> 13.294689 | F16: =F$9*$AN16 -> 13.497552 | G16: =G$9*$AN16 -> 13.700234 | H16: =H$9*$AN16 -> 13.903097 | I16: =I$9*$AN16 -> 14.10596 | J16: =J$9*$AN16 -> 14.257156 | ... AL16: =AL$9*$AN16 -> 15.518206 | AN16: 0.00015633244
A17: 6.8 | B17: Público (3 x semana) | C17: =C$9*$AN17 -> 138.539 | D17: =D$9*$AN17 -> 142.37361 | E17: =E$9*$AN17 -> 144.57974 | F17: =F$9*$AN17 -> 146.78588 | G17: =G$9*$AN17 -> 148.99004 | H17: =H$9*$AN17 -> 151.19618 | I17: =I$9*$AN17 -> 153.40232 | J17: =J$9*$AN17 -> 155.04657 | ... AL17: =AL$9*$AN17 -> 168.76049 | AN17: 0.0017001153
A18: 6.9 | B18: Público (1 a 2x semana) - Rural | C18: =C$9*$AN18 -> 3.1848045 | D18: =D$9*$AN18 -> 3.2729565 | E18: =E$9*$AN18 -> 3.3236723 | F18: =F$9*$AN18 -> 3.3743881 | G18: =G$9*$AN18 -> 3.4250585 | H18: =H$9*$AN18 -> 3.4757742 | I18: =I$9*$AN18 -> 3.52649 | J18: =J$9*$AN18 -> 3.5642889 | ... AL18: =AL$9*$AN18 -> 3.8795514 | AN18: 3.908311e-05
A19: 6.10 | B19: Social (6 x semana) | C19: 0 | D19: 0 | E19: 0 | F19: 0 | G19: 0 | H19: 0 | I19: 0 | J19: 0 | K19: 0 | L19: 0 | M19: 0 | N19: 0 | O19: 0 | P19: 0 | Q19: 0 | R19: 0 | S19: 0 | T19: 0 | U19: 0 | V19: 0 | W19: 0 | X19: 0 | Y19: 0 | Z19: 0 | AA19: 0 | AB19: 0 | AC19: 0 | AD19: 0 | AE19: 0 | AF19: 0 | AG19: 0 | AH19: 0 | AI19: 0 | AJ19: 0 | AK19: 0 | AL19: 0
A20: 6.11 | B20: Social (3 x semana) | C20: =C9*$AN$20 -> 28.031872 | D20: =D9*$AN$20 -> 28.807765 | E20: =E9*$AN$20 -> 29.254153 | F20: =F9*$AN$20 -> 29.70054 | G20: =G9*$AN$20 -> 30.146529 | H20: =H9*$AN$20 -> 30.592917 | I20: =I9*$AN$20 -> 31.039305 | J20: =J9*$AN$20 -> 31.372001 | ... AL20: =AL9*$AN$20 -> 34.146865 | AN20: 0.000344
A21: 6.12 | B21: Social (1 a 2x semana) - Rural | C21: 0 | D21: 0 | E21: 0 | F21: 0 | G21: 0 | H21: 0 | I21: 0 | J21: 0 | K21: 0 | L21: 0 | M21: 0 | N21: 0 | O21: 0 | P21: 0 | Q21: 0 | R21: 0 | S21: 0 | T21: 0 | U21: 0 | V21: 0 | W21: 0 | X21: 0 | Y21: 0 | Z21: 0 | AA21: 0 | AB21: 0 | AC21: 0 | AD21: 0 | AE21: 0 | AF21: 0 | AG21: 0 | AH21: 0 | AI21: 0 | AJ21: 0 | AK21: 0 | AL21: 0
AN22: =SUM(AN10:AN21) -> 1
A23: ITEM | B23: Classificação de Uso | C23: FATOR Base | D23: Tarifa Anual (R$)
A24: 6.1 | B24: Residencial (6 x semana) | C24: ='[1]01 - Dados de Entrada'!C358 -> 1.9996011 | E24: =C24*$E$25/$C$25 -> 62.567519
A25: 6.2 | B25: Residencial (3 x semana) | C25: ='[1]01 - Dados de Entrada'!C359 -> 1 | E25: =K31 -> 31.29 | F25: PREÇO DE REFERÊNCIA
A26: 6.3 | B26: Residencial (1 a 2x semana) - Rural | C26: ='[1]01 - Dados de Entrada'!C360 -> 0.89349821 | E26: =C26*$E$25/$C$25 -> 27.957559
A27: 6.4 | B27: Comercial (6 x semana) | C27: ='[1]01 - Dados de Entrada'!C361 -> 2.1069007 | E27: =C27*$E$25/$C$25 -> 65.924922
A28: 6.5 | B28: Comercial (3 x semana) | C28: ='[1]01 - Dados de Entrada'!C362 -> 1.0534503 | E28: =C28*$E$25/$C$25 -> 32.962461 | I28: Valor Base | M28: TIR
A29: 6.6 | B29: Comercial (1 a 2x semana) - Rural | C29: ='[1]01 - Dados de Entrada'!C363 -> 0.94176306 | E29: =C29*$E$25/$C$25 -> 29.467766 | M29: ='32 - VPL e TIR'!$C$5 -> 0
A30: 6.7 | B30: Público (6 x semana) | C30: ='[1]01 - Dados de Entrada'!C364 -> 1.9461508 | E30: =C30*$E$25/$C$25 -> 60.895058
A31: 6.8 | B31: Público (3 x semana) | C31: ='[1]01 - Dados de Entrada'!C365 -> 0.97287595 | E31: =C31*$E$25/$C$25 -> 30.441288 | I31: Valor Base | K31: =31.29*(1-DESCONTO!$B$4) -> 31.29 | M31: VPLO
A32: 6.9 | B32: Público (1 a 2x semana) - Rural | C32: ='[1]01 - Dados de Entrada'!C366 -> 0.8699641 | E32: =C32*$E$25/$C$25 -> 27.221177 | M32: ='32 - VPL e TIR'!$C$6 -> 0
A33: 6.10 | B33: Social (6 x semana) | C33: ='[1]01 - Dados de Entrada'!C367 -> 0.99980056 | E33: =C33*$E$25/$C$25 -> 31.283759
A34: 6.11 | B34: Social (3 x semana) | C34: ='[1]01 - Dados de Entrada'!C368 -> 0.5 | E34: =C34*$E$25/$C$25 -> 15.645
A35: 6.12 | B35: Social (1 a 2x semana) - Rural | C35: ='[1]01 - Dados de Entrada'!C369 -> 0.4467491 | E35: =C35*$E$25/$C$25 -> 13.978779
I36: GATILHO
B37: VALOR BASE COM CORREÇÃO | C37: =K28 -> 0 | D37: =K31 -> 31.29 | E37: =D37+(D37*$K$34) -> 31.29 | F37: =E37+(E37*$K$34) -> 31.29 | G37: =F37+(F37*$K$34) -> 31.29 | H37: =G37+(G37*($K$34)) -> 31.29 | I37: =H37+(H37*$K$34)+(H37*K33) -> 31.29 | J37: =I37+(I37*$K$34) -> 31.29 | K37: =J37+(J37*$K$34) -> 31.29 | L37: =K37+(K37*$K$34) -> 31.29 | M37: =L37+(L37*$K$34) -> 31.29 | N37: =M37+(M37*$K$34) -> 31.29 | O37: =N37+(N37*$K$34) -> 31.29 | P37: =O37+(O37*$K$34) -> 31.29 | Q37: =P37+(P37*$K$34) -> 31.29 | ... AL37: =AK37+(AK37*$K$34) -> 31.29
A38: ITEM | B38: Faturamento por Categoria | C38: Ano 0 | D38: Ano 01 | E38: Ano 02 | F38: Ano 03 | G38: Ano 04 | H38: Ano 05 | I38: Ano 06 | J38: Ano 07 | K38: Ano 08 | L38: Ano 09 | M38: Ano 10 | N38: Ano 11 | O38: Ano 12 | P38: Ano 13 | Q38: Ano 14 | R38: Ano 15 | S38: Ano 16 | T38: Ano 17 | U38: Ano 18 | V38: Ano 19 | W38: Ano 20 | X38: Ano 21 | Y38: Ano 22 | Z38: Ano 23 | AA38: Ano 24 | AB38: Ano 25 | AC38: Ano 26 | AD38: Ano 27 | AE38: Ano 28 | AF38: Ano 29 | AG38: Ano 30 | AH38: Ano 31 | AI38: Ano 32 | AJ38: Ano 33 | AK38: Ano 34 | AL38: Ano 35
A39: 6.1 | B39: Residencial (6 x semana)
A40: 6.2 | B40: Residencial (3 x semana)
A41: 6.3 | B41: Residencial (1 a 2x semana) - Rural
A42: 6.4 | B42: Comercial (6 x semana)
A43: 6.5 | B43: Comercial (3 x semana)
A44: 6.6 | B44: Comercial (1 a 2x semana) - Rural
A45: 6.7 | B45: Público (6 x semana)
A46: 6.8 | B46: Público (3 x semana)
A47: 6.9 | B47: Público (1 a 2x semana) - Rural
A48: 6.10 | B48: Social (6 x semana)
A49: 6.11 | B49: Social (3 x semana)
A50: 6.12 | B50: Social (1 a 2x semana) - Rural
B51: Total
A53: ITEM | B53: FATURAMENTO ANUAL TOTAL (x1000) | C53: Ano 0 | D53: Ano 01 | E53: Ano 02 | F53: Ano 03 | G53: Ano 04 | H53: Ano 05 | I53: Ano 06 | J53: Ano 07 | K53: Ano 08 | L53: Ano 09 | M53: Ano 10 | N53: Ano 11 | O53: Ano 12 | P53: Ano 13 | Q53: Ano 14 | R53: Ano 15 | S53: Ano 16 | T53: Ano 17 | U53: Ano 18 | V53: Ano 19 | W53: Ano 20 | X53: Ano 21 | Y53: Ano 22 | Z53: Ano 23 | AA53: Ano 24 | AB53: Ano 25 | AC53: Ano 26 | AD53: Ano 27 | AE53: Ano 28 | AF53: Ano 29 | AG53: Ano 30 | AH53: Ano 31 | AI53: Ano 32 | AJ53: Ano 33 | AK53: Ano 34 | AL53: Ano 35
A54: 7 | D54: =D51/1000 -> 0 | E54: =E51/1000 -> 0 | F54: =F51/1000 -> 0 | G54: =G51/1000 -> 0 | H54: =H51/1000 -> 0 | I54: =I51/1000 -> 0 | J54: =J51/1000 -> 0 | K54: =K51/1000 -> 0 | ... AL54: =AL51/1000 -> 0
F56: Utilização | G56: Valor da Tarifa (R$/mês)
G57: Diária | H57: Alternada | I57: Localizada (Rural)
F58: Residencial | G58: =E24 -> 62.567519 | H58: =E25 -> 31.29 | I58: =E26 -> 27.957559
F59: Comercial | G59: =E27 -> 65.924922 | H59: =E28 -> 32.962461 | I59: =E29 -> 29.467766
F60: Público | G60: =E30 -> 60.895058 | H60: =E31 -> 30.441288 | I60: =E32 -> 27.221177
F61: Social | G61: =E33 -> 31.283759 | H61: =E34 -> 15.645 | I61: =E35 -> 13.978779

Sheet 20 - Contraprestação Prefeitura
A1: PREFEITURA MUNICIPAL DE JARAGUÁ DO SUL
A2: ESTUDO DE VIABILIDADE ECONÔMICA PARA A CONCESSÃO DOS SERVIÇOS DE LIMPEZA PÚBLICA E MANEJO DE RESÍDUOS SÓLIDOS
A3: PROJEÇÃO DO SUPLEMENTO
A5: 1 - Será realizado o suplemento dos valores referentes aos Serviços Gerais de Limpeza e Varrição Manual de Vias Urbanas (pagamento da Prefeitura), bem como do valor referente ao primeiro ano
A6: da concessão, até a implementação da cobrança de tarifa diretamente dos usuários
A8: 2- Preço dos serviços
A12: ITEM | B12: TOTAL DE DESPESAS OPERACIONAIS E ADMINISTRATIVAS | C12: TOTAL | E12: ANO | F12: Ano 01 | G12: Ano 02 | H12: Ano 03 | I12: Ano 04 | J12: Ano 05 | K12: Ano 06 | L12: Ano 07 | M12: Ano 08 | N12: Ano 09 | O12: Ano 10 | P12: Ano 11 | Q12: Ano 12 | R12: Ano 13 | S12: Ano 14 | T12: Ano 15 | U12: Ano 16 | V12: Ano 17 | W12: Ano 18 | X12: Ano 19 | Y12: Ano 20 | Z12: Ano 21 | AA12: Ano 22 | AB12: Ano 23 | AC12: Ano 24 | AD12: Ano 25 | AE12: Ano 26 | AF12: Ano 27 | AG12: Ano 28 | AH12: Ano 29 | AI12: Ano 30 | AJ12: Ano 31 | AK12: Ano 32 | AL12: Ano 33 | AM12: Ano 34 | AN12: Ano 35
C13: R$ | D13: % | E13: R$'000 / ano | F13: =F14 -> 15600 | G13: =G14 -> 15600 | H13: =H14 -> 15600 | I13: =I14 -> 15600 | J13: =J14 -> 15600 | K13: =K14 -> 15600 | L13: =L14 -> 15600 | M13: =M14 -> 15600 | ... AN13: =AN14 -> 15600
B14: Contraprestação anual | E14: =1300*12*(1-DESCONTO!$B$4) -> 15600 | F14: =$E$14 -> 15600 | G14: =$E$14 -> 15600 | H14: =$E$14 -> 15600 | I14: =$E$14 -> 15600 | J14: =$E$14 -> 15600 | K14: =$E$14 -> 15600 | L14: =$E$14 -> 15600 | M14: =$E$14 -> 15600 | ... AN14: =$E$14 -> 15600

Sheet 21 - Inadimplência
A1: PREFEITURA MUNICIPAL DE JARAGUÁ DO SUL
A2: ESTUDO DE VIABILIDADE ECONÔMICA PARA A CONCESSÃO DOS SERVIÇOS DE LIMPEZA PÚBLICA E MANEJO DE RESÍDUOS SÓLIDOS
A3: PROJEÇÃO DAS PERDAS POR INADIMPLÊNCIA
A5: 1 - Considerou-se perdas por inadimplência, decrescentes ao longo do período de prestação dos serviços
A8: Tarifa | B8: Unidade | C8: Ano 01 | D8: Ano 02 | E8: Ano 03 | F8: Ano 04 | G8: Ano 05 | H8: Ano 06 | I8: Ano 07 | J8: Ano 08 | K8: Ano 09 | L8: Ano 10 | M8: Ano 11 | N8: Ano 12 | O8: Ano 13 | P8: Ano 14 | Q8: Ano 15 | R8: Ano 16 | S8: Ano 17 | T8: Ano 18 | U8: Ano 19 | V8: Ano 20 | W8: Ano 21 | X8: Ano 22 | Y8: Ano 23 | Z8: Ano 24 | AA8: Ano 25 | AB8: Ano 26 | AC8: Ano 27 | AD8: Ano 28 | AE8: Ano 29 | AF8: Ano 30 | AG8: Ano 31 | AH8: Ano 32 | AI8: Ano 33 | AJ8: Ano 34 | AK8: Ano 35
A9: Coleta e tratamento de RSU | B9: R$'000 / ano
A10: Percentual de inadimplência no ano | B10: %
A11: Valor referente à inadimplência | B11: R$'000 / ano
A12: Percentual de recuperação admissível | B12: %
A13: Velor de recuperação de inad. | B13: R$'000 / ano
A14: Total (anual) - Valores em R$ '000

Sheet 22 - Seguros
B3: Seguro - Multiriscos
B4: Despesas com seguros | C4: Valor
B5: Valor total de cobertura
B6: % para pagamento da apólice anual
B7: Despesas com seguros multiriscos
B10: Despesas com Seguros e Garantias da PPP
B12: Seguro - Responsabilidade Civil
B13: Valor total de cobertura
B14: Seguro Garantia Execução
B15: Valor seguro garantia
C17: 2024 | D17: =C17+1 -> 2025 | E17: =D17+1 -> 2026 | F17: =E17+1 -> 2027
B18: Alocação seguro garantia de execução | C18: 1 | D18: 1 | E18: 1 | F18: 0
B19: Valor seguro garantia de execução
B22: Seguro - Garantia de Execução
B23: Valor contrato PPP
B24: Seguro Garantia Execução
B25: Valor seguro garantia
C27: Parcela PPP
B28: Alocação seguro garantia operacional de execução
B29: Valor seguro garantia operacional de execução
B33: Seguro - Engenharia (0,35% do valor do Capex)
B34: Total Capex | C34: 2024 | D34: 2025 | E34: 2026 | F34: 2027 | G34: 2028 | H34: 2029 | I34: 2030 | J34: 2031 | K34: 2032 | L34: 2033 | M34: 2034 | N34: 2035 | O34: 2036 | P34: 2037 | Q34: 2038 | R34: 2039 | S34: 2040 | T34: 2041 | U34: 2042 | V34: 2043 | W34: 2044 | X34: 2045 | Y34: 2046 | Z34: 2047 | AA34: 2048 | AB34: 2049 | AC34: 2050 | AD34: 2051 | AE34: 2052 | AF34: 2053
B35: ='14 - Investimentos'!A22 -> Ponto de Entrega Voluntário PEV e Ecoponto
B36: 0.0035

Sheet 23 - ARIS
B2: Taxa ARIS
B4: Taxas pagas mensalmente pelo prestador de serviço
B6: Varrição e Limpeza de Vias Públicas
B7: TRVL=NHxR$0,0200
B8: TRVL - Taxa de Regulação de Varrição e Limpeza de Vias Públicas
B9: NH - Número de habitantes no município
B10: R$ 0,0200 - valor apurado para o custo da regulação dos serviços de varrição e limpeza de vias públicas por habitante
B12: Coleta de Resíduos Sólidos
B13: TRCR=NHxR$0,0300, onde
B14: TRCR - Taxa de Regulação de Coleta de Resíduos Sólidos
B15: NH - Número de habitantes no município
B16: R$ 0,0300 - valor apurado para o custo da regulação dos serviços de coleta de resíduos sólidos por habitante
... B30: *PROTOCOLO DE INTENÇÕES ARIS: Art. 88. No caso da prestadora de serviços executar duas ou mais atividades objeto das taxas de regulação e fiscalização, serão devidas as respectivas taxas cumulativamente, conforme cada atividade desempenhada pela prestadora de serviços regulada pela ARIS.
D38: Total | E38: ANO 1 | F38: ANO 2 | G38: ANO 3 | H38: ANO 4 | I38: ANO 5 | J38: ANO 6 | K38: ANO 7 | L38: ANO 8 | M38: ANO 9 | N38: ANO 10 | O38: ANO 11 | P38: ANO 12 | Q38: ANO 13 | R38: ANO 14 | S38: ANO 15 | T38: ANO 16 | U38: ANO 17 | V38: ANO 18 | W38: ANO 19 | X38: ANO 20 | Y38: ANO 21 | Z38: ANO 22 | AA38: ANO 23 | AB38: ANO 24 | AC38: ANO 25 | AD38: ANO 26 | AE38: ANO 27 | AF38: ANO 28 | AG38: ANO 29 | AH38: ANO 30 | AI38: ANO 31 | AJ38: ANO 32 | AK38: ANO 33 | AL38: ANO 34 | AM38: ANO 35
B39: TRVL - Taxa de Regulação de Varrição e Limpeza de Vias Públicas | C39: 0.02 | D39: =SUM(E39:AM39) -> 0 | E39: =(($C$39*'02 - Evolução Populacional'!B47)/1000)*12 -> 0 | F39: =(($C$39*'02 - Evolução Populacional'!C47)/1000)*12 -> 0 | G39: =(($C$39*'02 - Evolução Populacional'!D47)/1000)*12 -> 0 | H39: =(($C$39*'02 - Evolução Populacional'!E47)/1000)*12 -> 0 | I39: =(($C$39*'02 - Evolução Populacional'!F47)/1000)*12 -> 0 | J39: =(($C$39*'02 - Evolução Populacional'!G47)/1000)*12 -> 0 | K39: =(($C$39*'02 - Evolução Populacional'!H47)/1000)*12 -> 0 | L39: =(($C$39*'02 - Evolução Populacional'!I47)/1000)*12 -> 0 | ... AM39: =(($C$39*'02 - Evolução Populacional'!AJ47)/1000)*12 -> 0
B41: TRCR - Taxa de Regulação de Coleta de Resíduos Sólidos | C41: 0.03 | D41: =SUM(E41:AM41) -> 0 | E41: =(($C$41*'02 - Evolução Populacional'!B47)/1000)*12 -> 0 | F41: =(($C$41*'02 - Evolução Populacional'!C47)/1000)*12 -> 0 | G41: =(($C$41*'02 - Evolução Populacional'!D47)/1000)*12 -> 0 | H41: =(($C$41*'02 - Evolução Populacional'!E47)/1000)*12 -> 0 | I41: =(($C$41*'02 - Evolução Populacional'!F47)/1000)*12 -> 0 | J41: =(($C$41*'02 - Evolução Populacional'!G47)/1000)*12 -> 0 | K41: =(($C$41*'02 - Evolução Populacional'!H47)/1000)*12 -> 0 | L41: =(($C$41*'02 - Evolução Populacional'!I47)/1000)*12 -> 0 | ... AM41: =(($C$41*'02 - Evolução Populacional'!AJ47)/1000)*12 -> 0
B43: TRTR - Taxa de Regulação de Transbordo e Transporte de Resíduos Sólidos | C43: 0.01 | D43: =SUM(E43:AM43) -> 0 | E43: =(($C$43*'02 - Evolução Populacional'!B47)/1000)*12 -> 0 | F43: =(($C$43*'02 - Evolução Populacional'!C47)/1000)*12 -> 0 | G43: =(($C$43*'02 - Evolução Populacional'!D47)/1000)*12 -> 0 | H43: =(($C$43*'02 - Evolução Populacional'!E47)/1000)*12 -> 0 | I43: =(($C$43*'02 - Evolução Populacional'!F47)/1000)*12 -> 0 | J43: =(($C$43*'02 - Evolução Populacional'!G47)/1000)*12 -> 0 | K43: =(($C$43*'02 - Evolução Populacional'!H47)/1000)*12 -> 0 | L43: =(($C$43*'02 - Evolução Populacional'!I47)/1000)*12 -> 0 | ... AM43: =(($C$43*'02 - Evolução Populacional'!AJ47)/1000)*12 -> 0
B45: TRDR - Taxa de Regulação de Tratamento e Destinação Final de Resíduos Sólidos | C45: 0.03 | D45: =SUM(E45:AM45) -> 0 | E45: =(($C$45*'02 - Evolução Populacional'!B47)/1000)*12 -> 0 | F45: =(($C$45*'02 - Evolução Populacional'!C47)/1000)*12 -> 0 | G45: =(($C$45*'02 - Evolução Populacional'!D47)/1000)*12 -> 0 | H45: =(($C$45*'02 - Evolução Populacional'!E47)/1000)*12 -> 0 | I45: =(($C$45*'02 - Evolução Populacional'!F47)/1000)*12 -> 0 | J45: =(($C$45*'02 - Evolução Populacional'!G47)/1000)*12 -> 0 | K45: =(($C$45*'02 - Evolução Populacional'!H47)/1000)*12 -> 0 | L45: =(($C$45*'02 - Evolução Populacional'!I47)/1000)*12 -> 0 | ... AM45: =(($C$45*'02 - Evolução Populacional'!AJ47)/1000)*12 -> 0
D47: =SUM(D39:D45) -> 0 | E47: =SUM(E39:E45) -> 0 | F47: =SUM(F39:F45) -> 0 | G47: =SUM(G39:G45) -> 0 | H47: =SUM(H39:H45) -> 0 | I47: =SUM(I39:I45) -> 0 | J47: =SUM(J39:J45) -> 0 | K47: =SUM(K39:K45) -> 0 | ... AM47: =SUM(AM39:AM45) -> 0

Sheet 24 - SAMAE
B2: PLANILHA DE COMPOSIÇÃO DE CUSTOS DA GESTÃO CONTRATUAL - SAMAE JARAGUÁ DO SUL
B3: ITEM | C3: DESCRIÇÃO | D3: UNID. | E3: QUANTIDADE | F3: CUSTO UNITÁRIO (R$) | G3: CUSTO TOTAL (R$)
B4: 1 - PESSOAL COM ENCARGOS
B5: 1.0 | C5: Equipe
B6: 1.1 | C6: Diretor de Resíduos e Drenagem (50%) | D6: h | E6: 120 | F6: 210 | G6: =E6*F6 -> 25200
B7: 1.2 | C7: Supervisor de manejo de resíduos sólidos | D7: h | E7: 160 | F7: 110 | G7: =E7*F7 -> 17600
B8: 1.3 | C8: Fiscal | D8: h | E8: 160 | F8: 77 | G8: =E8*F8 -> 12320
B9: 1.4 | C9: Estagiários | D9: h | E9: 40 | F9: 14 | G9: =E9*F9 -> 560
B10: 1.5 | C10: Técnico apoio a fiscalização | D10: h | E10: 160 | F10: 77 | G10: =E10*F10 -> 12320
B11: SUB-TOTAL ITEM 1 | G11: =SUM(G6:G10) -> 68000
B12: 2 - ENCARGOS SOCIAIS
B13: 2.1 | C13: Taxa de 15,00% sobre o Sub-Total do Item 1 | F13: 0
B14: SUB-TOTAL ITEM 2 | G14: =G13 -> 0
B15: 3 - CUSTOS ADMINISTRATIVOS
B16: 3.1 | C16: Taxa de 10,00% sobre o Sub-Total do Item 1 | F16: 0.1 | G16: =F16*G11 -> 6800
B17: SUB-TOTAL ITEM 3 | G17: =G16 -> 6800
B18: 4 - DESLOCAMENTO EQUIPE/HOSPEDAGEM/ALIMENTAÇÃO
B19: 4.1 | C19: Despesas com combustível | D19: km | E19: 1100 | F19: 2 | G19: =E19*F19 -> 2200
B20: 4.2 | C20: Hospedagem | D20: diárias
B21: 4.3 | C21: Alimentação de Pessoal | D21: refeições
B22: 4.4. | C22: Passagens aéreas
B23: SUB-TOTAL ITEM 4 | G23: =SUM(G19:G22) -> 2200
B24: 5 - DESPESAS GERAIS
B25: 5.2 | C25: Automóvel Utilitário | D25: unid./mês | E25: 1 | F25: 3000 | G25: =E25*F25 -> 3000
B26: SUB-TOTAL ITEM 5 | G26: =SUM(G25:G25) -> 3000
B27: 6 - EQUIPAMENTOS
B28: 6.1 | C28: Drone | D28: unid./mês | F28: 0 | G28: =E28*F28 -> 0
B29: 6.2 | C29: Notebook | D29: unid./mês | F29: 300 | G29: =E29*F29 -> 0
B30: 6.3 | C30: Microcomputador com impressora | D30: unid./mês | F30: 250 | G30: =E30*F30 -> 0
B31: , | G31: =SUM(G28:G30) -> 0
B32: 7 - SERVIÇOS GRÁFICOS E MATERIAL DE CONSUMO DE ESCRITÓRIO
B33: 7.1 | C33: Serviços gráficos e material de consumo | D33: unid./mês | E33: 1 | F33: 0 | G33: =E33*F33 -> 0
B34: SUB-TOTAL ITEM 7 | G34: =SUM(G33:G33) -> 0
B35: 8 - DESPESAS DE SERVIÇOS DE TERCEIIROS
B36: 8.1 | C36: despesas bancárias - compartilhadas e administração | D36: GLOBAL | E36: 828000 | F36: 0 | G36: =E36*F36/12 -> 0
B37: 8.2 | D37: GLOBAL | E37: 1 | G37: =E37*F37 -> 0
B38: 8.3 | D38: GLOBAL | E38: 1 | G38: =E38*F38 -> 0
B39: SUB-TOTAL ITEM 8 | G39: =SUM(G36:G38) -> 0
B40: SOMATÓRIO DOS SUB-TOTAIS 1 A 8 | G40: =G11+G14+G17+G23+G26+G31+G34+G39 -> 80000
B41: 9 - REMUNERAÇÃO
B42: 9.1 | C42: Taxa sobre o Somatório dos Sub-Totais de 1 a 7 | F42: 0.15 | G42: =ROUND(G40*F42,2) -> 12000
B43: 9.1
B44: SUB-TOTAL ITEM 8 | G44: =G42+G43 -> 12000
B45: SOMATÓRIO DOS SUB-TOTAIS 1 A 8 | G45: =G40+G44 -> 92000
B46: 10 - DESPESAS FISCAIS
B47: 10.1 | C47: Taxa de 16,33% sobre o Somatório dos Sub-Totais de 1 a 9 | G47: =(G45*((1/(1-F47))-1)) -> 0
B48: SUB-TOTAL ITEM 10 | G48: =G47 -> 0
B49: VALOR TOTAL | G49: =ROUND(G45+G48,0) -> 92000
F51: MENSAL | G51: =G49 -> 92000
F53: ANUAL | G53: =G51*12 -> 1104000

Sheet 25- Crédito PIS-COFINS
B2: CAPEX | C2: Parcelas | D2: PIS/COFINS | E2: Total | F2: ANO 1 | G2: ANO 2 | H2: ANO 3 | I2: ANO 4 | J2: ANO 5 | K2: ANO 6 | L2: ANO 7 | M2: ANO 8 | N2: ANO 9 | O2: ANO 10 | P2: ANO 11 | Q2: ANO 12 | R2: ANO 13 | S2: ANO 14 | T2: ANO 15 | U2: ANO 16 | V2: ANO 17 | W2: ANO 18 | X2: ANO 19 | Y2: ANO 20 | Z2: ANO 21 | AA2: ANO 22 | AB2: ANO 23 | AC2: ANO 24 | AD2: ANO 25 | AE2: ANO 26 | AF2: ANO 27 | AG2: ANO 28 | AH2: ANO 29 | AI2: ANO 30 | AJ2: ANO 31 | AK2: ANO 32 | AL2: ANO 33 | AM2: ANO 34 | AN2: ANO 35
B3: 1. Coleta Domiciliar
B4: Caminhão Compactador com dispositivo de coleta manual
B5: Caminhão coletor compactador de pequeno porte
B6: Caminhão Compactador com dispositivo de coleta mecanizada
B7: Caminhão com caçamba de lavação de contentores (col. Mecanizada)
B8: Veículo Utilitário leve
B9: Motocicleta
B10: Contentores - 1,0m³ Para coleta mecanizada
B11: Caminhão Compactador com dispositivo de coleta manual - reserva
B12: Caminhão coletor compactador de pequeno porte - reserva
B13: 2. Coleta Seletiva
B14: Caminhão Compactador - Coleta Seletiva
... B66: TOTAL CRÉDITO PIS/COFINS CAPEX - 24 Parcelas
B68: OPEX | D68: PIS/COFINS | E68: Acumulado | F68: Ano 1 | G68: Ano 2 | H68: Ano 3 | I68: Ano 4 | J68: Ano 5 | K68: Ano 6 | L68: Ano 7 | M68: Ano 8 | N68: Ano 9 | O68: Ano 10 | P68: Ano 11 | Q68: Ano 12 | R68: Ano 13 | S68: Ano 14 | T68: Ano 15 | U68: Ano 16 | V68: Ano 17 | W68: Ano 18 | X68: Ano 19 | Y68: Ano 20 | Z68: Ano 21 | AA68: Ano 22 | AB68: Ano 23 | AC68: Ano 24 | AD68: Ano 25 | AE68: Ano 26 | AF68: Ano 27 | AG68: Ano 28 | AH68: Ano 29 | AI68: Ano 30 | AJ68: Ano 31 | AK68: Ano 32 | AL68: Ano 33 | AM68: Ano 34 | AN68: Ano 35
B69: 1. Custo C/ Pessoal
B70: 2. EPI e Uniformes
B71: 3. Combustíveis, Óleos e Graxa
B72: Coleta Convencional
B73: Coleta Domiciliar - Caminhão lavador
B74: Coleta Seletiva
B75: Frota de Apoio - Utilitário Leve
B76: Frota de Apoio - Passeio
B77: Frota de Apoio - Motocilceta
B78: Veículos Coleta de Lodo
B79: Caminhão basculante - serviços gerais
B80: Minivarredeira - serviços gerais
... B200: PIS/COFINS A PAGAR

Sheet 25.1- Crédito PIS-COFINS 
B7: Ano | C7: Residual | D7: 1 | E7: 2 | F7: 3 | G7: 4 | H7: 5 | I7: 6 | J7: 7 | K7: 8 | L7: 9 | M7: 10 | N7: 11 | O7: 12 | P7: 13 | Q7: 14 | R7: 15 | S7: 16 | T7: 17 | U7: 18 | V7: 19 | W7: 20 | X7: 21 | Y7: 22 | Z7: 23 | AA7: 24 | AB7: 25 | AC7: 26 | AD7: 27 | AE7: 28 | AF7: 29 | AG7: 30
B8: 1
B9: 2
B10: 3
B11: 4
B12: 5
B13: 6
B14: 7
B15: 8
B16: 9
B17: 10
B18: 11
B19: 12
... B37: 30
B38: Total | D38: =SUM(D8:D37) -> 0 | E38: =SUM(E8:E37) -> 0 | F38: =SUM(F8:F37) -> 0 | G38: =SUM(G8:G37) -> 0 | H38: =SUM(H8:H37) -> 0 | I38: =SUM(I8:I37) -> 0 | J38: =SUM(J8:J37) -> 0 | K38: =SUM(K8:K37) -> 0 | ... AG38: =SUM(AG8:AG37) -> 0

Sheet 26 - IFRIC 12
B2: Ativo Financeiro | C2: Total | D2: Ano 1 | E2: Ano 2 | F2: Ano 3 | G2: Ano 4 | H2: Ano 5 | I2: Ano 6 | J2: Ano 7 | K2: Ano 8 | L2: Ano 9 | M2: Ano 10 | N2: Ano 11 | O2: Ano 12 | P2: Ano 13 | Q2: Ano 14 | R2: Ano 15 | S2: Ano 16 | T2: Ano 17 | U2: Ano 18 | V2: Ano 19 | W2: Ano 20 | X2: Ano 21 | Y2: Ano 22 | Z2: Ano 23 | AA2: Ano 24 | AB2: Ano 25 | AC2: Ano 26 | AD2: Ano 27 | AE2: Ano 28 | AF2: Ano 29 | AG2: Ano 30 | AH2: Ano 31 | AI2: Ano 32 | AJ2: Ano 33 | AK2: Ano 34 | AL2: Ano 35
B4: Saldo Inicial
B5: Constituição ativo financeiro
B6: Receita Financeira (IFRIC 12)
B7: Amortização
B8: Saldo Final
B10: Contraprestação
B11: Realização (%)
B13: Ativo Intagível | C13: Ano 1 | D13: Ano 1 | E13: Ano 2 | F13: Ano 3 | G13: Ano 4 | H13: Ano 5 | I13: Ano 6 | J13: Ano 7 | K13: Ano 8 | L13: Ano 9 | M13: Ano 10 | N13: Ano 11 | O13: Ano 12 | P13: Ano 13 | Q13: Ano 14 | R13: Ano 15 | S13: Ano 16 | T13: Ano 17 | U13: Ano 18 | V13: Ano 19 | W13: Ano 20 | X13: Ano 21 | Y13: Ano 22 | Z13: Ano 23 | AA13: Ano 24 | AB13: Ano 25 | AC13: Ano 26 | AD13: Ano 27 | AE13: Ano 28 | AF13: Ano 29 | AG13: Ano 30 | AH13: Ano 31 | AI13: Ano 32 | AJ13: Ano 33 | AK13: Ano 34 | AL13: Ano 35
B15: Saldo Inicial
B16: Constituição ativo financeiro
B17: Receita Financeira (IFRIC 12)
B18: Amortização
B19: Saldo Final
B21: Receita Tarifária
B22: Realização (%)
B25: Imposto Diferido | C25: Total | D25: Ano 1 | E25: Ano 2 | F25: Ano 3 | G25: Ano 4 | H25: Ano 5 | I25: Ano 6 | J25: Ano 7 | K25: Ano 8 | L25: Ano 9 | M25: Ano 10 | N25: Ano 11 | O25: Ano 12 | P25: Ano 13 | Q25: Ano 14 | R25: Ano 15 | S25: Ano 16 | T25: Ano 17 | U25: Ano 18 | V25: Ano 19 | W25: Ano 20 | X25: Ano 21 | Y25: Ano 22 | Z25: Ano 23 | AA25: Ano 24 | AB25: Ano 25 | AC25: Ano 26 | AD25: Ano 27 | AE25: Ano 28 | AF25: Ano 29 | AG25: Ano 30 | AH25: Ano 31 | AI25: Ano 32 | AJ25: Ano 33 | AK25: Ano 34 | AL25: Ano 35
B26: Constituição Diferido
B27: Realização Diferido
B28: Saldo Final
B30: Receita Total
B31: Realização (%)

Sheet 27 - Financiamento
B2: 1º Contrato | C2: Ano 1 | D2: Ano 2 | E2: Ano 3 | F2: Ano 4 | G2: Ano 5 | H2: Ano 6 | I2: Ano 7 | J2: Ano 8 | K2: Ano 9 | L2: Ano 10 | M2: Ano 11 | N2: Ano 12 | O2: Ano 13 | P2: Ano 14 | Q2: Ano 15 | R2: Ano 16 | S2: Ano 17 | T2: Ano 18 | U2: Ano 19 | V2: Ano 20 | W2: Ano 21 | X2: Ano 22 | Y2: Ano 23 | Z2: Ano 24 | AA2: Ano 25 | AB2: Ano 26 | AC2: Ano 27 | AD2: Ano 28 | AE2: Ano 29 | AF2: Ano 30 | AG2: Ano 31 | AH2: Ano 32 | AI2: Ano 33 | AJ2: Ano 34 | AK2: Ano 35
B3: Captação
B4: Juros
B5: Amortização
B6: Saldo
B8: Valor
B9: Carência
B10: Prazo
B11: Taxa
B13: 2º Contrato | C13: Ano 1 | D13: Ano 2 | E13: Ano 3 | F13: Ano 4 | G13: Ano 5 | H13: Ano 6 | I13: Ano 7 | J13: Ano 8 | K13: Ano 9 | L13: Ano 10 | M13: Ano 11 | N13: Ano 12 | O13: Ano 13 | P13: Ano 14 | Q13: Ano 15 | R13: Ano 16 | S13: Ano 17 | T13: Ano 18 | U13: Ano 19 | V13: Ano 20 | W13: Ano 21 | X13: Ano 22 | Y13: Ano 23 | Z13: Ano 24 | AA13: Ano 25 | AB13: Ano 26 | AC13: Ano 27 | AD13: Ano 28 | AE13: Ano 29 | AF13: Ano 30 | AG13: Ano 31 | AH13: Ano 32 | AI13: Ano 33 | AJ13: Ano 34 | AK13: Ano 35
B14: Captação
B15: Juros
B16: Amortização
B17: Saldo
B19: Valor
B20: Carência
B21: Prazo
B22: Taxa
B24: 3º Contrato | C24: Ano 1 | D24: Ano 2 | E24: Ano 3 | F24: Ano 4 | G24: Ano 5 | H24: Ano 6 | I24: Ano 7 | J24: Ano 8 | K24: Ano 9 | L24: Ano 10 | M24: Ano 11 | N24: Ano 12 | O24: Ano 13 | P24: Ano 14 | Q24: Ano 15 | R24: Ano 16 | S24: Ano 17 | T24: Ano 18 | U24: Ano 19 | V24: Ano 20 | W24: Ano 21 | X24: Ano 22 | Y24: Ano 23 | Z24: Ano 24 | AA24: Ano 25 | AB24: Ano 26 | AC24: Ano 27 | AD24: Ano 28 | AE24: Ano 29 | AF24: Ano 30 | AG24: Ano 31 | AH24: Ano 32 | AI24: Ano 33 | AJ24: Ano 34 | AK24: Ano 35
B25: Captação
B26: Juros
B27: Amortização
B28: Saldo
B30: Valor
B31: Carência
B32: Prazo
B33: Taxa
B35: 4º Contrato | C35: Ano 1 | D35: Ano 2 | E35: Ano 3 | F35: Ano 4 | G35: Ano 5 | H35: Ano 6 | I35: Ano 7 | J35: Ano 8 | K35: Ano 9 | L35: Ano 10 | M35: Ano 11 | N35: Ano 12 | O35: Ano 13 | P35: Ano 14 | Q35: Ano 15 | R35: Ano 16 | S35: Ano 17 | T35: Ano 18 | U35: Ano 19 | V35: Ano 20 | W35: Ano 21 | X35: Ano 22 | Y35: Ano 23 | Z35: Ano 24 | AA35: Ano 25 | AB35: Ano 26 | AC35: Ano 27 | AD35: Ano 28 | AE35: Ano 29 | AF35: Ano 30 | AG35: Ano 31 | AH35: Ano 32 | AI35: Ano 33 | AJ35: Ano 34 | AK35: Ano 35
B36: Captação
B37: Juros
B38: Amortização
B39: Saldo
B42: Valor
B43: Carência
B44: Prazo
B45: Taxa
B47: Captação
B48: Juros
B49: Amortização
B51: Funding
... B60: Total

Sheet 28 - Imposto de Renda
B2: Descrição | C2: Ano 1 | D2: Ano 2 | E2: Ano 3 | F2: Ano 4 | G2: Ano 5 | H2: Ano 6 | I2: Ano 7 | J2: Ano 8 | K2: Ano 9 | L2: Ano 10 | M2: Ano 11 | N2: Ano 12 | O2: Ano 13 | P2: Ano 14 | Q2: Ano 15 | R2: Ano 16 | S2: Ano 17 | T2: Ano 18 | U2: Ano 19 | V2: Ano 20 | W2: Ano 21 | X2: Ano 22 | Y2: Ano 23 | Z2: Ano 24 | AA2: Ano 25 | AB2: Ano 26 | AC2: Ano 27 | AD2: Ano 28 | AE2: Ano 29 | AF2: Ano 30 | AG2: Ano 31 | AH2: Ano 32 | AI2: Ano 33 | AJ2: Ano 34 | AK2: Ano 35
B3: Resultado Contábil
B5: Juros Financiamentos
B6: Depreciação
B8: Base IRPJ e CSLL
B9: Prejuízo Fiscal
B10: Base IRPJ e CSLL
B12: IRPJ
B13: CSLL
B17: Prejuízo Fiscal

Sheet 29 - Balanço Patrimonial
C2: 45291 | D2: =C3-C2 -> 366 | E2: =D3-C3 -> 365 | F2: =E3-D3 -> 365 | G2: =F3-E3 -> 365 | H2: =G3-F3 -> 366 | I2: =H3-G3 -> 365 | J2: =I3-H3 -> 365 | K2: =J3-I3 -> 365 | L2: =K3-J3 -> 366 | ... AL2: =AK3-AJ3 -> 365
C3: 45657 | D3: 46022 | E3: 46387 | F3: 46752 | G3: 47118 | H3: 47483 | I3: 47848 | J3: 48213 | K3: 48579 | L3: 48944 | M3: 49309 | N3: 49674 | O3: 50040 | P3: 50405 | Q3: 50770 | R3: 51135 | S3: 51501 | T3: 51866 | U3: 52231 | V3: 52596 | W3: 52962 | X3: 53327 | Y3: 53692 | Z3: 54057 | AA3: 54423 | AB3: 54788 | AC3: 55153 | AD3: 55518 | AE3: 55884 | AF3: 56249 | AG3: 56614 | AH3: 56979 | AI3: 57345 | AJ3: 57710 | AK3: 58075
B4: Balanço Patrimonial (R$)
B6: Ativo Circulante | C6: Ano 01 | D6: Ano 02 | E6: Ano 03 | F6: Ano 04 | G6: Ano 05 | H6: Ano 06 | I6: Ano 07 | J6: Ano 08 | K6: Ano 09 | L6: Ano 10 | M6: Ano 11 | N6: Ano 12 | O6: Ano 13 | P6: Ano 14 | Q6: Ano 15 | R6: Ano 16 | S6: Ano 17 | T6: Ano 18 | U6: Ano 19 | V6: Ano 20 | W6: Ano 21 | X6: Ano 22 | Y6: Ano 23 | Z6: Ano 24 | AA6: Ano 25 | AB6: Ano 26 | AC6: Ano 27 | AD6: Ano 28 | AE6: Ano 29 | AF6: Ano 30 | AG6: Ano 31 | AH6: Ano 32 | AI6: Ano 33 | AJ6: Ano 34 | AK6: Ano 35
B7: Caixa e Equivalentes
B8: Caixa e Equivalentes - Reserva
B9: Contas a Receber
B10: Total
B12: Ativo financeiro (IFRIC 12)
B13: Ativo intangivel (IFRIC 12)
B14: Imposto Diferido (Ativo)
B15: Total de Ativos
B17: Passivo | C17: Ano 01 | D17: Ano 02 | E17: Ano 03 | F17: Ano 04 | G17: Ano 05 | H17: Ano 06 | I17: Ano 07 | J17: Ano 08 | K17: Ano 09 | L17: Ano 10 | M17: Ano 11 | N17: Ano 12 | O17: Ano 13 | P17: Ano 14 | Q17: Ano 15 | R17: Ano 16 | S17: Ano 17 | T17: Ano 18 | U17: Ano 19 | V17: Ano 20 | W17: Ano 21 | X17: Ano 22 | Y17: Ano 23 | Z17: Ano 24 | AA17: Ano 25 | AB17: Ano 26 | AC17: Ano 27 | AD17: Ano 28 | AE17: Ano 29 | AF17: Ano 30 | AG17: Ano 31 | AH17: Ano 32 | AI17: Ano 33 | AJ17: Ano 34 | AK17: Ano 35
B18: Contas a pagar
B19: Obrigações sociais e trabalhistas
B20: Obrigações fiscais
B21: Imposto Diferido (Passivo)
B22: Financiamentos
B23: Passivo total
B25: Patrimônio Líquido
B26: Capital Social
B27: Reserva Legal
B28: Lucros Retidos
B29: Total Patrimônio Líquido
B31: Total Passivo e Patrimônio Líquido
B33: Check
B41: Prazo Médio de Recebimento | C41: 30
B42: Prazo Médio de Pagamento | C42: 30

Sheet 30 - Dem. Resultados
A2: ITEM | B2: Total | C2: Ano 01 | D2: Ano 02 | E2: Ano 03 | F2: Ano 04 | G2: Ano 05 | H2: Ano 06 | I2: Ano 07 | J2: Ano 08 | K2: Ano 09 | L2: Ano 10 | M2: Ano 11 | N2: Ano 12 | O2: Ano 13 | P2: Ano 14 | Q2: Ano 15 | R2: Ano 16 | S2: Ano 17 | T2: Ano 18 | U2: Ano 19 | V2: Ano 20 | W2: Ano 21 | X2: Ano 22 | Y2: Ano 23 | Z2: Ano 24 | AA2: Ano 25 | AB2: Ano 26 | AC2: Ano 27 | AD2: Ano 28 | AE2: Ano 29 | AF2: Ano 30 | AG2: Ano 31 | AH2: Ano 32 | AI2: Ano 33 | AJ2: Ano 34 | AK2: Ano 35
A3: RECEITA OPERACIONAL BRUTA
A4: SERVIÇOS DE LIMPEZA URBANA
A5: RECEITA DA TARIFA DE COLETA, TRATAMENTO E DISPOSIÇÃO DE RESÍDUO SÓLIDO COMUM
A7: TRIBUTOS SOBRE A RECEITA OPERACIONAL BRUTA
A8: PIS-PASEP
A9: COFINS
A10: ISS
A12: RECEITA OPERACIONAL LÍQUIDA
A14: CUSTOS E DESPESAS
A15: CUSTO OPERACIONAL E DESPESAS ADMINISTRATIVAS
A16: PERDAS POR INADIMPLÊNCIA
A17: SEGUROS E GARANTIAS
... A40: RESULTADO LÍQUIDO DO EXERCÍCIO

Sheet 31 - Fluxo de Caixa
A1: FLUXO DE CAIXA DO PROJETO SEM FINANCIAMENTO (VALORES EM R$ '000)
C2: ='30 - Dem. Resultados'!C3-'31 - Fluxo de Caixa'!C7 -> 0 | D2: ='30 - Dem. Resultados'!D3-'31 - Fluxo de Caixa'!D7 -> 0 | E2: ='30 - Dem. Resultados'!E3-'31 - Fluxo de Caixa'!E7 -> 0 | F2: ='30 - Dem. Resultados'!F3-'31 - Fluxo de Caixa'!F7 -> 0 | G2: ='30 - Dem. Resultados'!G3-'31 - Fluxo de Caixa'!G7 -> 0 | H2: ='30 - Dem. Resultados'!H3-'31 - Fluxo de Caixa'!H7 -> 0 | I2: ='30 - Dem. Resultados'!I3-'31 - Fluxo de Caixa'!I7 -> 0 | J2: ='30 - Dem. Resultados'!J3-'31 - Fluxo de Caixa'!J7 -> 0 | ... AK2: ='30 - Dem. Resultados'!AK3-'31 - Fluxo de Caixa'!AK7 -> 0
A3: CONTAS | B3: Total | C3: Ano 01 | D3: Ano 02 | E3: Ano 03 | F3: Ano 04 | G3: Ano 05 | H3: Ano 06 | I3: Ano 07 | J3: Ano 08 | K3: Ano 09 | L3: Ano 10 | M3: Ano 11 | N3: Ano 12 | O3: Ano 13 | P3: Ano 14 | Q3: Ano 15 | R3: Ano 16 | S3: Ano 17 | T3: Ano 18 | U3: Ano 19 | V3: Ano 20 | W3: Ano 21 | X3: Ano 22 | Y3: Ano 23 | Z3: Ano 24 | AA3: Ano 25 | AB3: Ano 26 | AC3: Ano 27 | AD3: Ano 28 | AE3: Ano 29 | AF3: Ano 30 | AG3: Ano 31 | AH3: Ano 32 | AI3: Ano 33 | AJ3: Ano 34 | AK3: Ano 35
A5: SALDO INICIAL DE CAIXA
A7: INGRESSOS
A8: CICLO DE CONTAS A RECEBER
A9: SERVIÇOS DE LIMPEZA URBANA
A10: RECEITA DA TARIFA DE COLETA, TRATAMENTO E DISPOSIÇÃO DE RESÍDUO SÓLIDO COMUM
A12: SAÍDAS
A13: CICLO DE CONTAS A PAGAR
A14: CUSTOS E DESPESAS
A15: CICLO DE IMPOSTOS
A16: TRIBUTOS SOBRE A RECEITA BRUTA
A17: IMPOSTO DE RENDA E CSLL
A19: FLUXO DE CAIXA OPERACIONAL
... A43: VPL

Sheet 32 - VPL e TIR
B2: DESCRIÇÃO | C2: Ano 1 | D2: Ano 2 | E2: Ano 3 | F2: Ano 4 | G2: Ano 5 | H2: Ano 6 | I2: Ano 7 | J2: Ano 8 | K2: Ano 9 | L2: Ano 10 | M2: Ano 11 | N2: Ano 12 | O2: Ano 13 | P2: Ano 14 | Q2: Ano 15 | R2: Ano 16 | S2: Ano 17 | T2: Ano 18 | U2: Ano 19 | V2: Ano 20 | W2: Ano 21 | X2: Ano 22 | Y2: Ano 23 | Z2: Ano 24 | AA2: Ano 25 | AB2: Ano 26 | AC2: Ano 27 | AD2: Ano 28 | AE2: Ano 29 | AF2: Ano 30 | AG2: Ano 31 | AH2: Ano 32 | AI2: Ano 33 | AJ2: Ano 34 | AK2: Ano 35
B3: ='31 - Fluxo de Caixa'!A40 -> Geração de Caixa Operacional
B5: TIR
B6: VPL
B7: Payback
B8: TIR Acionista

Sheet 33 - WACC
B2: Taxa de Desconto
B3: Descrição | C3: Valores | D3: Observação
B4: Taxa livre de risco | D4: Retorno histórico - T-Bond US (5 anos)
B5: Beta | D5: Neutro
B6: Prêmio de risco de mercado | D6: Equity Risk Premium Damodaram
B7: Prêmio de risco país | D7: Média do EMBI+ Brazil (5 anos)
B8: Custo de capital próprio | D8: USD - Nominal
B10: Inflacação americana | D10: Meta inflação americana CPI longo prazo
B11: Custo de capital próprio | D11: BRL
B12: Inflacação brasileira | D12: Meta cental de inflação longo prazo
B13: Custo de capital próprio | C13: =C11+C12-C10 -> 0 | D13: BRL
B15: Custo de capital próprio | D15: BRL
B16: Custo medio ponderado da dívida | D16: TLP + 1,1% (BNDES)
B17: Custo medio ponderado da dívida | D17: BRL
B18: Imposto sobre a renda e contribuição social | D18: Lucro Real
B19: Custo da dívida após impostos | D19: BRL
B21: Proporção da dívida | D21: Estrutura de capital do projeto
B22: Proporção do patrimônio | D22: Estrutura de capital do projeto
B23: Custo da dívida | D23: BRL
B24: Custo de capital próprio | D24: BRL
B25: Custo médio ponderado de capital | C25: =(C23*C21)+(C24*C22) -> 0 | D25: BRL
